 Dungeon Crawl Stone Soup version 0.23-a0-8-gb809bb7 (webtiles) character file.

1196357 FrothyCoffee the Conqueror (level 27, -7/199 HPs)
             Began as a Gargoyle Earth Elementalist on July 24, 2018.
             Was the Champion of Vehumet.
             Killed from afar by a Hell Sentinel (46 damage)
             ... with damnation
             ... created by the effects of Hell
             ... on level 7 of the Iron City of Dis on Aug 1, 2018.
             The game lasted 1 day 01:40:55 (149742 turns).

FrothyCoffee the Conqueror (GrEE)             Turns: 149742, Time: 1 , 01:40:56

Health: -7/199     AC: 62    Str: 13      XL:     27
Magic:  3/49       EV: 13    Int: 28      God:    Vehumet [******]
Gold:   9342       SH: 18    Dex: 11 (13) Spells: 3/71 levels left

rFire    + + +     SeeInvis +   b - +18 lance "Wyrmbane" {slay drac, rPois rF+ rC+ AC+3}
rCold    + + +     Gourm    .   I - +5 shield {reflect}
rNeg     + + +     Faith    .   s - +8 fire dragon scales
rPois    ∞         Spirit   .   F - +2 hat {SInv}
rElec    +         Reflect  +   v - +2 cloak of Ufineas {Str+3}
rCorr    +         Harm     .   T - +2 pair of gloves {Dex+3}
MR       +++..                  W - +4 pair of boots "Sem Betz" {+Blink rElec rF+ rN+}
Stlth    ..........             Y - amulet "Yjickos" {RegenMP rPois}
HPRegen  1.43/turn              t - ring of Vezxito {rC+++ rN+ MR+ Str-5 Int+2}
MPRegen  0.56/turn              O - ring of resist corrosion

@: about to teleport, flying, regenerating, studying Earth Magic
A: antennae 1, big wings, beak, iridescent scales 1, cold resistance 1, deformed
body, deterioration 1, negative energy resistance 1, electricity resistance,
unbreathing, petrification resistance, rot immunity, subdued magic 1, AC +20
}: 11/15 runes: barnacled, slimy, silver, bone, abyssal, demonic, glowing,
magical, fiery, dark, gossamer
a: Stop Flying, Renounce Religion, Evoke Blink


You were on level 7 of the Iron City of Dis.
You worshipped Vehumet.
Vehumet was exalted by your worship.
You were not hungry.

You visited 15 branches of the dungeon, and saw 73 of its levels.
You visited Pandemonium 2 times, and saw 16 of its levels.
You visited the Abyss 3 times.
You also visited: Labyrinth, Sewer, Ossuary, Bailey, Ice Cave and Wizlab.

You collected 15819 gold pieces.
You spent 6477 gold pieces at shops.

Inventory:

Hand Weapons
 b - the +18 lance "Wyrmbane" (weapon) {slay drac, rPois rF+ rC+ AC+3}
   (You found it on level 3 of the Depths)

   It affects your AC (+3).
   It protects you from fire.
   It protects you from cold.
   It protects you from poison.
Missiles
 Z - 13 throwing nets (quivered)
Armour
 s - +8 fire dragon scales (worn)
 v - the +2 cloak of Ufineas (worn) {Str+3}
   (You found it on level 13 of the Dungeon)

   It affects your strength (+3).
 F - a +2 hat of see invisible (worn)
 I - a +5 shield of reflection (worn)
 J - the +9 plate armour of Quacot {rPois rC- Int+4, unknown}
   (You found it on level 7 of Tartarus)

   It affects your intelligence (+4).
   It makes you vulnerable to cold.
   It protects you from poison.
 T - a +2 pair of gloves of dexterity (worn)
 W - the +4 pair of boots "Sem Betz" (worn) {+Blink rElec rF+ rN+}
   (You found it on level 2 of the Elven Halls)

   It protects you from fire.
   It insulates you from electricity.
   It protects you from negative energy.
   It lets you blink.
Magical Staves
 a - an uncursed staff of energy
Jewellery
 f - an uncursed ring of fire
 h - an uncursed ring of ice
 t - the ring of Vezxito (left hand) {rC+++ rN+ MR+ Str-5 Int+2}
   (You found it on level 3 of the Elven Halls)

   [ring of protection from magic]

   It affects your strength (-5).
   It affects your intelligence (+2).
   It renders you almost immune to cold.
   It protects you from negative energy.
   It affects your resistance to hostile enchantments.
 C - an uncursed ring of protection from cold
 M - an uncursed ring of magical power
 O - a ring of resist corrosion (right hand)
 Y - the amulet "Yjickos" (around neck) {RegenMP rPois}
   (You took it off a deep elf demonologist on level 3 of the Elven Halls)

   [amulet of magic regeneration]

   It increases your magic regeneration.
   It protects you from poison.
Wands
 l - a wand of digging (30)
 H - a wand of acid (47)
 S - a wand of clouds (18)
Scrolls
 e - 34 scrolls of remove curse
 g - 3 scrolls of holy word
 r - 21 scrolls of identify
 u - 13 scrolls of fog
 x - 17 scrolls of amnesia
 y - 23 scrolls of teleportation
 z - 8 scrolls of magic mapping
 B - 10 scrolls of blinking
 L - 4 scrolls of silence
 N - 9 scrolls of immolation
 P - 14 scrolls of fear
Potions
 c - 4 potions of berserk rage
 i - 11 potions of heal wounds
 j - 6 potions of cancellation
 k - 10 potions of brilliance
 m - 9 potions of haste
 p - 8 potions of ambrosia
 q - 44 potions of curing
 w - 15 potions of might
 A - 5 potions of resistance
 R - 9 potions of agility
Books
 V - a manual of Earth Magic
Miscellaneous
 n - the horn of Geryon
 o - a fan of gales
 D - a phial of floods
 E - a lamp of fire
 G - 4 sacks of spiders
 K - 5 phantom mirrors
 U - a lightning rod (4/4)
Comestibles
 d - 27 rations
 Q - 6 chunks of flesh


   Skills:
 O Level 27 Fighting
   Level 3.5 Long Blades
 - Level 12.4 Polearms
 + Level 23.7 Armour
 + Level 9.3 Dodging
 - Level 2.1 Stealth
 + Level 15.2 Shields
 + Level 22.5 Spellcasting
 - Level 24.9 Conjurations
 - Level 10.1 Summonings
 - Level 6.0 Necromancy
 - Level 3.0 Translocations
 - Level 0.7 Transmutations
 - Level 25.1 Fire Magic
 - Level 24.1 Air Magic
 - Level 12.0 Earth Magic
 - Level 10.0 Evocations


You had 3 spell levels left.
You knew the following spells:

 Your Spells              Type           Power        Failure   Level  Hunger
a - Fire Storm            Conj/Fire      #######...   2%          9    ######.
b - Fireball              Conj/Fire      #######...   0%          5    None
c - Tornado               Air            #######...   3%          9    ######.
d - Iron Shot             Conj/Erth      #######...   1%          6    None
e - Orb of Destruction    Conj           #######...   1%          7    ###....
f - Aura of Abjuration    Summ           ######....   1%          5    None
g - Passwall              Tmut/Erth      ######..     1%          2    None
h - Passage of Golubria   Tloc           N/A          7%          4    None
i - Blink                 Tloc           N/A          1%          2    None
j - Animate Skeleton      Necr           N/A          1%          1    None
s - Spellforged Servitor  Conj/Summ      #######...   1%          7    ###....
v - Ignition              Fire           #######...   1%          8    #####..
x - Regeneration          Chrm/Necr      #####.....   1%          3    None

Your spell library contained the following spells:

 Spells                   Type           Power        Failure   Level  Hunger
 Cause Fear               Hex            ###.......   24%         4    None
 Magic Dart               Conj           ####         0%          1    None
 Apportation              Tloc           #####.       1%          1    None
 Conjure Flame            Conj/Fire      #######.     0%          3    None
 Bolt of Fire             Conj/Fire      #######...   0%          6    None
 Bolt of Cold             Conj/Ice       ######....   1%          6    None
 Lightning Bolt           Conj/Air       #######...   0%          5    None
 Bolt of Magma            Conj/Fire/Erth #######...   0%          5    None
 Slow                     Hex            ###.....     3%          2    None
 Confuse                  Hex            ###.....     7%          3    None
 Invisibility             Hex            ###.....     99%         6    None
 Throw Flame              Conj/Fire      ######       0%          2    None
 Throw Frost              Conj/Ice       ######       0%          2    None
 Controlled Blink         Tloc           N/A          100%        8    #####..
 Freezing Cloud           Conj/Ice/Air   #######...   1%          6    None
 Mephitic Cloud           Conj/Pois/Air  #######.     0%          3    None
 Ring of Flames           Chrm/Fire      ######....   12%         7    ###....
 Venom Bolt               Conj/Pois      ######....   1%          5    None
 Summon Small Mammal      Summ           ####         1%          1    None
 Lehudib's Crystal Spear  Conj/Erth      #######...   2%          8    #####..
 Iskenderun's Mystic Bla  Conj           #######.     0%          4    None
 Summon Horrible Things   Summ           ######....   95%         8    #####..
 Animate Dead             Necr           N/A          1%          4    None
 Pain                     Necr           ####         1%          1    None
 Vampiric Draining        Necr           ######....   1%          3    None
 Freeze                   Ice            ###.         1%          1    None
 Ozocubu's Refrigeration  Ice            ###.......   67%         6    None
 Sticky Flame             Conj/Fire      #######.     0%          4    None
 Summon Ice Beast         Ice/Summ       #####...     2%          4    None
 Ozocubu's Armour         Chrm/Ice       ###.....     7%          3    None
 Call Imp                 Summ           ######..     1%          2    None
 Poison Arrow             Conj/Pois      ######....   1%          6    None
 Sting                    Conj/Pois      ####         0%          1    None
 Tukima's Dance           Hex            ###.....     7%          3    None
 Summon Demon             Summ           ######....   1%          5    None
 Summon Greater Demon     Summ           ######....   32%         7    ###....
 Corpse Rot               Necr           N/A          1%          2    None
 Stone Arrow              Conj/Erth      ######       0%          3    None
 Shock                    Conj/Air       ####         0%          1    None
 Swiftness                Chrm/Air       ######..     0%          2    None
 Recall                   Summ/Tloc      N/A          1%          3    None
 Agony                    Necr           ######..     5%          5    None
 Statue Form              Tmut/Erth      ######...    26%         6    None
 Ice Form                 Ice/Tmut       ####....     21%         4    None
 Dragon Form              Tmut           ####......   100%        7    ###....
 Death Channel            Necr           ######....   32%         6    None
 Deflect Missiles         Chrm/Air       ######....   2%          6    None
 Throw Icicle             Conj/Ice       ######..     1%          4    None
 Glaciate                 Conj/Ice       ######....   97%         9    ######.
 Airstrike                Air            #######...   0%          4    None
 Shadow Creatures         Summ           N/A          5%          6    None
 Confusing Touch          Hex            ###...       1%          1    None
 Flame Tongue             Conj/Fire      #####        0%          1    None
 Ignite Poison            Fire/Tmut/Pois ######..     1%          3    None
 Call Canine Familiar     Summ           ######..     1%          3    None
 Ensorcelled Hibernation  Hex/Ice        ###...       3%          2    None
 Metabolic Englaciation   Hex/Ice        ###.......   56%         5    None
 Summon Butterflies       Summ           ######..     1%          1    None
 Silence                  Hex/Air        ######....   1%          5    None
 Shatter                  Erth           ######....   98%         9    ######.
 Dispersal                Tloc           #####.....   73%         6    None
 Static Discharge         Conj/Air       #######.     0%          3    None
 Corona                   Hex            ###....      1%          1    None
 Alistair's Intoxication  Tmut/Pois      ####....     50%         5    None
 Lee's Rapid Deconstruct  Erth           ######....   1%          5    None
 Sandblast                Erth           ######       0%          1    None
 Simulacrum               Ice/Necr       #####.....   73%         6    None
 Conjure Ball Lightning   Conj/Air       #######...   0%          6    None
 Chain Lightning          Conj/Air       #######...   1%          8    #####..
 Portal Projectile        Hex/Tloc       ####..       3%          3    None
 Monstrous Menagerie      Summ           ######....   32%         7    ###....
 Petrify                  Tmut/Erth      ######..     1%          4    None
 Malign Gateway           Summ/Tloc      ######....   82%         7    ###....
 Leda's Liquefaction      Hex/Erth       ######....   1%          4    None
 Summon Hydra             Summ           ######....   32%         7    ###....
 Darkness                 Hex            ###.......   99%         6    None
 Shroud of Golubria       Chrm/Tloc      ####......   1%          2    None
 Inner Flame              Hex/Fire       ######..     0%          3    None
 Beastly Appendage        Tmut           ####..       1%          1    None
 Disjunction              Tloc           #####.....   100%        8    #####..
 Iskenderun's Battlesphe  Conj/Chrm      ######..     1%          5    None
 Fulminant Prism          Conj/Hex       ######....   1%          4    None
 Dazzling Spray           Conj/Hex       ######       0%          3    None
 Force Lance              Conj/Tloc      ######..     1%          4    None
 Infusion                 Chrm           ###.         1%          1    None
 Song of Slaying          Chrm           ###.....     3%          2    None
 Spectral Weapon          Hex/Chrm       ###.....     7%          3    None
 Searing Ray              Conj           ######       0%          2    None
 Discord                  Hex            ###.......   100%        8    #####..
 Summon Forest            Summ/Tloc      ######....   4%          5    None
 Summon Lightning Spire   Summ/Air       #######.     0%          4    None
 Dragon's Call            Summ           ######....   100%        9    ######.
 Summon Mana Viper        Hex/Summ       #####...     8%          5    None
 Hydra Form               Tmut           ####......   96%         6    None
 Gell's Gravitas          Tloc           #####.....   1%          3    None
 Yara's Violent Unravell  Hex/Tmut       ####......   16%         5    None
 Lesser Beckoning         Tloc           #####.....   1%          3    None
 Borgnjor's Vile Clutch   Necr/Erth      ######....   1%          5    None


Dungeon Overview and Level Annotations

Branches:
Dungeon (15/15)            Temple (1/1) D:5            Lair (6/6) D:8
 Shoals (4/4) Lair:3       Spider (4/4) Lair:4        Slime (5/5) Lair:5
    Orc (2/2) D:11            Elf (3/3) Orc:2        Vaults (5/5) D:14
  Crypt (3/3) Vaults:2       Tomb (0/3) Crypt:3      Depths (5/5) D:15
   Hell (1/1)                 Dis (7/7) Hell            Geh (0/7) Hell
    Coc (0/7) Hell            Tar (7/7) Hell            Zot (5/5) Depths:5

Altars:
Ashenzari
Cheibriados
Dithmenos
Elyvilon
Fedhas
Gozag
Hepliaklqana
Kikubaaqudgha
Makhleb
Nemelex Xobeh
Okawaru
Qazlal
Ru
Sif Muna
Trog
Uskayaw
Vehumet
Wu Jian
Xom
Yredelemnul
Zin
The Shining One
Beogh
Lugonu

Shops:
D:5 !   D:7 :   D:11 [   D:15 ?   Orc:2 ???=([[:   Elf:2 *   Elf:3 [
Vaults:1 ?   Vaults:2 :*?   Zot:3 *   Depths:2 [=   Depths:5 (

Portals:
Hell: Depths:1 Depths:2 Depths:3 Depths:4 Depths:5
Abyss: Depths:4
Pandemonium: Depths:3 Depths:5
Ziggurat: Depths:3

Annotations:
D:2 exclusion: hippogriff
Lair:5 exclusion: 2 downstairs
Spider:2 exclusions: 2 downstairs and upstairs, Jorgrun
Spider:3 exclusion: 2 upstairs
Elf:2 3 runed doors, exclusion: 3 doors
Depths:2 exclusion: upstairs
Dis:7 Dispater


Innate Abilities, Weirdness & Mutations

You are resistant to torment.
Your stone body is resilient. (AC +20)
You are immune to poison.
Your large and strong wings let you fly indefinitely.
You resist negative energy. (rN+)
You are resistant to electric shocks. (rElec)
You can survive without breathing.
You are immune to petrification.
You are immune to rotting.
You have a pair of small antennae on your head.
You have a beak for a mouth.
You are partially covered in iridescent scales. (AC +2)
Your flesh is cold resistant. (rC+)
Armour fits poorly on your strangely shaped body.
Your body sometimes deteriorates upon taking damage.
Your spells are a little easier to cast, but a little less powerful.


Message History

The wavering orb of destruction hits the Hell Sentinel.
The Hell Sentinel gestures at you.
The sphere of damnation explodes!
The damnation engulfs you!
* * * LOW HITPOINT WARNING * * *
Your body deteriorates!
You feel clumsy.
The damnation engulfs the Hell Sentinel.
The Hell Sentinel completely resists.
You hear a hideous shriek!
As you read the scroll of teleportation, it crumbles to dust.
You feel strangely unstable. The Hell Sentinel gestures at you.
The sphere of damnation explodes!
The damnation engulfs you!
* * * LOW HITPOINT WARNING * * *
The damnation engulfs the Hell Sentinel.
The Hell Sentinel completely resists.
You feel much better.
Your spellforged servitor conjures an orb of pure magic.
The Hell Sentinel gestures at you.
The sphere of damnation explodes!
The damnation engulfs you!
You die...

......# #....#§§§......#..#
......# #....'.*§§####.#..#
......# #....#..§.# #.#..#
#####.# #....#....# #.#..#
....#.# #....#....####.#∩.#
....'.# #....#.........'..#
....#.# #.)..###########..#
....#.#######..§1.............#
....#.........8*@...D.........#
....#.......##############....#
...,#.......#....{.......'....#
'####.......#............#....#
............#########'#..#....#
.............................##
######'#######################
## **.#* .###*..,**


You could see a Hell Sentinel, an iron dragon and a friendly spellforged
servitor.

Vanquished Creatures
  Cerebov (Pan)
  Ereshkigal (Tar:7)
  Gloorx Vloq (Pan)
  Lom Lobon (Pan)
  Mnoleg (Pan)
  A seraph (Pan)
  3 orbs of fire (Zot:5)
  6 pandemonium lords (Pan)
  7 ancient liches
  Mennas (Pan)
  Saint Roka (Depths:2)
  5 curse toes
  3 Killer Klowns
  Geryon (Hell)
  6 golden dragons
  Nikola (Spider:2)
  A profane servitor (Abyss:3)
  2 pearl dragons (Pan)
  20 bone dragons
  5 Brimstone Fiends
  Arachne (Spider:2)
  12 liches
  27 Tzitzimimeh
  15 doom hounds
  13 tentacled monstrosities
  5 iron giants
  2 electric golems (Zot:5)
  3 Ice Fiends (Dis:7)
  5 Hell Sentinels
  A hellephant (Hell)
  14 Orb Guardians (Zot:5)
  4 titans
  3 deep elf blademasters
  9 quicksilver dragons
  19 acid blobs
  2 krakens
  24 tentacled starspawn
  Murray (Hell)
  Frances (Spider:2)
  7 ancient champions
  10 death cobs
  6 sphinxes
  A deep elf master archer (Elf:3)
  Roxanne (Shoals:1)
  19 Executioners
  23 shadow dragons
  The ghost of Pyrghexo the Peltast, an adept MiFi of the Shining One (Spider:1)
  6 draconian monks
  10 storm dragons
  12 tengu reavers
  A nagaraja (Abyss:1)
  4 revenants
  11 daevas (Pan)
  14 azure jellies
  12 frost giants
  4 iron dragons
  13 vault wardens
  13 draconian knights
  5 corrupters (Pan)
  11 draconian scorchers
  11 deep elf sorcerers
  9 ghost moths
  8 fire giants
  A fire giant (shapeshifter) (Depths:3)
  4 draconian shifters
  An orc warlord (Elf:2)
  22 balrugs
  Louise (Shoals:1)
  16 angels
  7 emperor scorpions
  A spriggan defender (Depths:4)
  4 curse skulls
  16 cacodemons
  5 deep elf elementalists (Elf:3)
  23 war gargoyles
  3 warmongers (Pan)
  20 very ugly things
  11 ironheart preservers
  2 ghouls (Crypt:1)
  10 draconian annihilators
  11 draconian stormcallers
  16 stone giants
  6 ophanim (Pan)
  39 reapers
  5 blood saints (Pan)
  7 entropy weavers
  9 vampire knights
  8 green draconians
  8 deep elf demonologists
  6 black suns (Pan)
  12 black draconians
  6 deep elf annihilators
  8 apis (Pan)
  A minotaur (Lab)
  16 red draconians
  7 white draconians
  13 yellow draconians
  30 lorocyprocas
  An eidolon (Crypt:1)
  Snorg (D:14)
  6 spark wasps
  14 purple draconians
  A crystal guardian (Abyss:3)
  10 deep elf death magi
  9 ettins
  5 quicksilver dragon zombies
  15 green deaths
  5 death oozes
  8 blizzard demons
  15 jiangshi
  8 merfolk impalers
  8 fire dragons
  A deep elf high priest (Elf:3)
  4 merfolk javelineers (Shoals:4)
  14 great orbs of eyes
  30 vault guards
  13 ogre magi
  13 yaktaur captains
  8 rakshasas
  A hell beast (Pan)
  8 ice dragons
  A quicksilver dragon skeleton (Tar:5)
  3 hydras
  7 monstrous demonspawn (Pan)
  2 ghost crabs
  A death knight (Vaults:1)
  A spriggan air mage (Depths:5)
  A catoblepas (D:15)
  6 centaur warriors
  An alligator snapping turtle (Shoals:2)
  3 merfolk avatars
  4 satyrs
  2 merfolk aquamancers
  17 two-headed ogres
  A death yak (Abyss:3)
  14 deep troll shamans
  4 hell hogs (Abyss:1)
  19 dancing weapons
  A queen ant (Lair:5)
  7 deep troll earth magi
  20 thrashing horrors
  2 spriggan berserkers (Depths:5)
  6 tengu warriors
  11 vampire magi
  33 soul eaters
  4 titan zombies
  10 orc high priests
  4 storm dragon zombies
  31 sun demons
  22 hell knights
  17 spriggans
  15 deep elf knights
  47 small abominations
  111 skeletal warriors
  5 iron golems
  6 cherubim (Pan)
  17 wretched stars
  3 titan skeletons
  An iron giant zombie (Crypt:2)
  6 iron trolls
  2 storm dragon skeletons (Tar:3)
  7 unseen horrors
  22 deep trolls
  22 shadow wraiths
  25 sixfirhies
  6 spatial maelstroms
  2 gelid demonspawn (Pan)
  56 starcursed masses
  A golden dragon zombie (Dis:1)
  A sea snake (shapeshifter) (Vaults:4)
  An unseen horror (shapeshifter) (Vaults:3)
  9 sea snakes
  32 shadow demons
  A torturous demonspawn (Pan)
  14 wizards
  6 infernal demonspawn
  12 deep elf archers
  6 anaconda zombies
  2 death drakes
  7 glowing orange brains
  12 phantasmal warriors
  17 ironbrand convokers
  8 flayed ghosts
  An obsidian statue (Zot:3)
  2 orange crystal statues
  An anaconda skeleton (Crypt:3)
  6 wolf spider zombies
  42 deep elf magi
  11 necromancers
  A golden dragon skeleton (Pan)
  13 orc knights
  2 iron dragon zombies
  23 orb spiders
  2 mana vipers
  An orb spider (shapeshifter) (Depths:1)
  An oklob plant (Lair:2)
  6 stone giant zombies
  A shining eye (shapeshifter) (Depths:2)
  3 fire giant zombies
  32 wolf spiders
  5 orc sorcerers
  2 shadow dragon skeletons
  7 shining eyes
  23 harpies
  16 ugly things
  9 cyclopes
  28 moths of wrath
  10 manticores
  6 frost giant zombies
  12 worldbinders
  Maurice (D:11)
  A manticore (shapeshifter) (Elf:3)
  2 shock serpent zombies
  3 dire elephant zombies
  2 frost giant skeletons
  A molten gargoyle (Hell)
  4 water nymphs
  5 merfolk sirens
  2 guardian serpents (shapeshifter)
  A titan simulacrum (Abyss:3)
  48 smoke demons
  6 vault sentinels
  2 stone giant skeletons
  3 black mambas
  A torpor snail (shapeshifter) (Vaults:4)
  9 elephants (Lair:6)
  5 eyes of devastation
  7 iron dragon skeletons
  32 rust devils
  3 gargoyles (Crypt:3)
  2 torpor snails
  13 fire giant skeletons
  21 orange demons
  An emperor scorpion zombie (Tar:1)
  12 spiny frogs
  2 guardian serpents
  4 apocalypse crabs
  2 ice statues (Hell)
  18 hellions
  2 dire elephant skeletons
  An alligator snapping turtle zombie (Crypt:1)
  9 komodo dragons
  8 efreet
  4 shock serpent skeletons
  A yaktaur (shapeshifter) (Depths:2)
  3 tengu conjurers
  A human zombie (Vaults:3)
  15 ice devils
  23 tormentors
  18 freezing wraiths
  An anaconda simulacrum (IceCv)
  24 yaktaurs
  15 ancient zymes
  A golden dragon simulacrum (IceCv)
  5 harpy zombies
  23 hellwings
  16 demonic crawlers
  27 merfolk
  3 silent spectres
  A meliai (shapeshifter) (Depths:1)
  A queen bee (shapeshifter) (Vaults:2)
  17 red devils
  38 jumping spiders
  4 polar bears (Lair:6)
  6 hydra zombies
  21 hornets
  9 trolls
  2 wind drakes
  An alligator zombie (Hell)
  22 hippogriffs
  33 raiju
  A wind drake (shapeshifter) (Abyss:3)
  2 fire dragon zombies
  7 snapping turtles
  A hippogriff (shapeshifter) (Abyss:1)
  2 ettin zombies
  112 slime creatures
  A hornet (shapeshifter) (Vaults:5)
  2 ice dragon zombies
  2 air elementals
  2 black mamba zombies
  An iron dragon simulacrum (Hell)
  2 centaur simulacra (D:15)
  A fire giant simulacrum (Hell)
  46 flying skulls
  64 redbacks
  2 ice dragon skeletons
  25 shadows
  A dream sheep (Lair:6)
  Sigmund (D:3)
  2 alligator skeletons (Hell)
  A redback (shapeshifter) (Depths:2)
  36 ynoxinuls
  8 fire dragon skeletons
  9 vampires
  16 wraiths
  4 ettin skeletons
  9 fire elementals
  45 yaks
  A spriggan (shapeshifter) (Abyss:1)
  15 water elementals
  7 fire bats
  33 tarantellas
  26 neqoxecs
  A wyvern (D:12)
  6 golden eyes
  5 basilisks
  18 humans (D:14)
  24 chaos spawn
  9 hungry ghosts
  12 spatial vortices
  The ghost of WinstonMain the Chiller, an amateur MfIE of Fedhas (D:4)
  2 iron troll simulacra (IceCv)
  8 wargs
  79 large abominations
  A two-headed ogre zombie (WizLab)
  2 harpy simulacra
  3 hydra simulacra
  3 acid dragons
  9 soldier ants
  37 hell hounds
  10 water moccasins
  A floating eye (shapeshifter) (Depths:3)
  6 porcupines
  2 snapping turtle zombies
  Purgy (Sewer)
  2 floating eyes
  A spiny frog zombie (Hell)
  A merfolk skeleton (Crypt:3)
  15 eyes of draining
  24 necrophages
  6 phantoms
  56 orc warriors
  2 ettin simulacra
  5 ice beasts
  3 spiny frog skeletons
  A dream sheep zombie (Crypt:2)
  7 sky beasts
  3 black bears
  2 eyes of draining (shapeshifter)
  34 ogres
  17 wolves
  23 centaurs
  An elephant zombie (Crypt:1)
  A manticore zombie (Hell)
  16 boggarts
  A swamp dragon skeleton (Tar:6)
  3 manticore skeletons
  A snapping turtle skeleton (Abyss:3)
  12 crocodiles
  A fire crab zombie (Crypt:2)
  A big kobold (D:12)
  13 bullfrogs
  An elf zombie (Tar:6)
  A gnoll sergeant (D:8)
  An elf skeleton (Dis:3)
  10 earth elementals
  2 wyvern skeletons
  4 scorpions
  2 troll zombies (WizLab)
  5 killer bees (D:10)
  A human simulacrum (Vaults:2)
  A queen bee zombie (Crypt:1)
  A snapping turtle simulacrum (Abyss:1)
  2 troll skeletons
  63 wights
  8 electric eels
  A yak skeleton (Crypt:1)
  4 howler monkeys
  10 crimson imps
  4 centaur zombies
  14 quasits
  3 bullfrog zombies
  2 draconian simulacra (IceCv)
  3 jellies
  5 hounds
  47 orc priests
  19 iron imps
  Crazy Yiuf (D:3)
  3 bullfrog skeletons
  4 centaur skeletons
  Jessica (D:3)
  5 iguanas
  27 worker ants
  2 human skeletons
  34 orc wizards
  A spriggan simulacrum (IceCv)
  3 hell rats (D:8)
  4 troll simulacra (IceCv)
  2 wolf simulacra (IceCv)
  An ogre zombie (WizLab)
  2 hound zombies
  12 mummies
  4 hound skeletons
  2 howler monkey skeletons
  2 naga simulacra (IceCv)
  11 adders
  20 gnolls
  An ogre simulacrum (IceCv)
  3 river rats (D:8)
  19 shadow imps
  14 white imps
  16 ufetubi
  3 oozes
  3 adder zombies
  3 worms (D:4)
  5 ball lightnings (Pan)
  2 dart slugs
  6 leopard geckos
  155 orcs
  2 bats
  11 giant cockroaches
  2 gnoll zombies (Ossuary)
  24 goblins
  20 hobgoblins
  14 jackals
  16 kobolds
  6 quokkas
  A dart slug zombie (Crypt:2)
  2 frilled lizards
  A frilled lizard (shapeshifter) (D:13)
  4 hobgoblin zombies
  2 kobold zombies (Ossuary)
  A leopard gecko zombie (D:5)
  3 orc zombies
  4 quokka zombies
  8 rats
  A block of ice (Pan)
  A crawling corpse (Elf:3)
  9 fire vortices
  A fungus (Lair:6)
  2 lurking horrors
  4 plants
  25 starspawn tentacles
4293 creatures vanquished.

Vanquished Creatures (collateral kills)
  2 pandemonium lords (Pan)
  the Royal Jelly (Slime:5)
  5 orbs of fire
  3 ancient liches
  The ghost of Esiehemm the Conqueror, a master MiBe of Trog (Zot:3)
  Margery (Vaults:5)
  A Killer Klown (Zot:5)
  A curse toe (Zot:4)
  3 golden dragons
  Jory (Depths:3)
  3 bone dragons
  7 Tzitzimimeh
  3 iron giants (Dis:7)
  2 doom hounds
  6 tentacled monstrosities
  A hellephant (Abyss:3)
  7 Brimstone Fiends
  3 liches
  6 Hell Sentinels
  10 Orb Guardians (Zot:5)
  2 Ice Fiends
  A quicksilver dragon (Vaults:5)
  10 tentacled starspawn
  A death cob (Zot:4)
  4 ancient champions
  7 Executioners (Pan)
  A sphinx (Vaults:2)
  5 acid blobs
  2 tengu reavers
  Donald (Vaults:2)
  4 fire giants
  An azure jelly (Slime:2)
  Ilsuiw (Shoals:4)
  11 shadow dragons
  A draconian monk (Zot:3)
  6 daevas
  3 storm dragons
  A deep elf sorcerer (Elf:3)
  A draconian knight (Zot:5)
  2 revenants
  5 frost giants
  A warmonger (Pan)
  Aizul (Depths:2)
  9 vault wardens
  12 balrugs (Pan)
  2 curse skulls
  2 iron dragons (Dis:7)
  14 cacodemons
  3 black suns (Pan)
  3 draconian shifters
  A draconian stormcaller (Zot:3)
  7 stone giants
  6 ironheart preservers
  25 reapers
  3 ghouls (Crypt:1)
  4 blood saints (Pan)
  6 very ugly things
  15 angels (Pan)
  4 corrupters (Pan)
  8 vampire knights
  2 entropy weavers (Vaults:3)
  10 war gargoyles
  4 ophanim (Pan)
  4 black draconians
  17 apis (Pan)
  5 purple draconians
  3 deep elf demonologists (Elf:3)
  3 green draconians
  A dire elephant (Abyss:3)
  4 white draconians
  3 yellow draconians
  4 deep elf annihilators
  3 red draconians
  7 deep elf death magi
  4 merfolk impalers (Shoals:4)
  2 crystal guardians (Vaults:4)
  A quicksilver dragon zombie (Crypt:3)
  7 blizzard demons
  2 death oozes
  3 ettins
  2 merfolk javelineers (Shoals:4)
  10 green deaths
  8 yaktaur captains
  3 deep elf high priests (Elf:3)
  9 jiangshi
  4 fire dragons
  7 monstrous demonspawn (Pan)
  10 rakshasas
  3 great orbs of eyes
  A merfolk avatar (Shoals:4)
  A quicksilver dragon skeleton (Tar:7)
  A spriggan air mage (Pan)
  8 vault guards
  2 hell beasts
  An ice dragon (Vaults:5)
  An anaconda (shapeshifter) (Vaults:5)
  2 alligator snapping turtles (Shoals:4)
  2 centaur warriors
  A satyr (Shoals:4)
  3 death knights
  4 dancing weapons
  A merfolk aquamancer (Shoals:4)
  6 two-headed ogres
  2 deep troll shamans (Depths:1)
  4 vampire magi
  2 ogre magi
  3 thrashing horrors
  A deep troll earth mage (Depths:1)
  19 sun demons
  A tengu warrior (Depths:5)
  3 iron golems (Dis:7)
  9 hell knights
  A storm dragon zombie (Tar:4)
  6 deep elf knights
  49 skeletal warriors
  20 soul eaters
  A spatial maelstrom (Abyss:3)
  A storm dragon skeleton (Hell)
  16 sixfirhies
  6 wretched stars
  11 iron trolls
  14 small abominations
  A shadow wraith (Abyss:3)
  4 gelid demonspawn (Pan)
  A sea snake (Abyss:3)
  A wizard (Pan)
  2 infernal demonspawn (Pan)
  5 shadow demons
  8 cherubim (Pan)
  3 glowing orange brains
  10 deep trolls
  A death drake (Tar:4)
  2 golden dragon zombies
  A flayed ghost (Vaults:3)
  4 ironbrand convokers
  3 necromancers
  5 deep elf archers
  4 harpies
  2 torturous demonspawn (Pan)
  A shambling mangrove (Abyss:3)
  18 deep elf magi
  A shadow dragon zombie (Tar:2)
  3 ugly things
  An anaconda skeleton (Tar:5)
  A tengu zombie (Vaults:3)
  2 fire giant zombies
  A wolf spider (Vaults:4)
  5 phantasmal warriors
  A wolf spider zombie (Tar:6)
  4 orc knights
  A stone giant zombie (Dis:7)
  3 frost giant zombies
  A cyclops (Vaults:2)
  A manticore (Shoals:2)
  An iron dragon zombie (Dis:1)
  An orc sorcerer (Vaults:4)
  3 worldbinders
  An iron dragon skeleton (Pan)
  17 rust devils
  A shock serpent zombie (Dis:6)
  2 moths of wrath
  2 merfolk sirens (Shoals:4)
  27 large abominations
  4 stone giant skeletons
  A fire giant skeleton (Crypt:1)
  A gargoyle (Crypt:3)
  2 guardian serpents
  7 vault sentinels
  4 frost giant skeletons
  19 smoke demons
  A water nymph (Abyss:3)
  A dire elephant zombie (Dis:7)
  A shock serpent skeleton (Abyss:3)
  A dire elephant skeleton (Tar:5)
  28 yaktaurs
  15 orange demons
  6 tormentors
  2 yaktaurs (shapeshifter) (Vaults:1)
  7 hellions
  7 freezing wraiths
  5 ancient zymes (Abyss:3)
  4 efreet
  12 hellwings
  5 ice devils
  A hydra zombie (Crypt:2)
  24 red devils
  A harpy zombie (Crypt:1)
  2 demonic crawlers (Pan)
  9 merfolk (Shoals:4)
  A jumping spider (Vaults:2)
  A hornet (Spider:4)
  A wind drake (Shoals:2)
  2 hydra skeletons
  8 raiju
  An ettin zombie (Tar:2)
  4 ice dragon zombies
  A raiju (shapeshifter) (Vaults:3)
  28 slime creatures
  A snapping turtle (Shoals:4)
  25 flying skulls
  An air elemental (Elf:2)
  2 redbacks (Vaults:3)
  A fire dragon zombie (Tar:6)
  8 shadows
  10 ynoxinuls
  2 ettin skeletons
  11 wraiths
  An alligator skeleton (Crypt:3)
  2 vampires (WizLab)
  A fire dragon skeleton (Dis:7)
  A tyrant leech zombie (Crypt:1)
  3 fire elementals
  A hungry ghost (Tar:3)
  6 neqoxecs
  5 chaos spawn
  A human (shapeshifter) (Vaults:1)
  2 spatial vortices (Abyss:3)
  A merfolk zombie (Dis:5)
  A two-headed ogre zombie (WizLab)
  2 acid dragons
  21 hell hounds
  2 spiny frog zombies (Dis:6)
  9 orc warriors
  2 snapping turtle zombies
  16 starcursed masses
  An eye of draining (Abyss:1)
  3 phantoms
  A spiny frog skeleton (Tar:5)
  An alligator simulacrum (Hell)
  9 necrophages
  A blink frog zombie (Crypt:2)
  8 ogres
  2 elf zombies (Elf:1)
  An elf simulacrum (Vaults:1)
  5 troll zombies (WizLab)
  A yak skeleton (Crypt:2)
  A warg skeleton (Crypt:2)
  25 wights
  A crimson imp (Abyss:3)
  A human zombie (Tar:4)
  An orc priest (Elf:2)
  A centaur skeleton (Dis:1)
  8 iron imps
  An orc wizard (Vaults:1)
  A human skeleton (Tar:7)
  3 ogre zombies (WizLab)
  A demigod skeleton (Crypt:1)
  A mummy (Dis:1)
  5 shadow imps
  2 white imps
  An ufetubus (Abyss:1)
  6 ball lightnings (Pan)
  3 orcs
  A crawling corpse (Elf:3)
  8 fire vortices
  A lurking horror (Abyss:1)
  13 starspawn tentacles
  A tentacle (Shoals:4)
1241 creatures vanquished.

Vanquished Creatures (others)
  An Orb Guardian (Zot:5)
  A deep elf master archer (Elf:3)
  4 eldritch tentacles
  A storm dragon (Depths:5)
  A draconian stormcaller (Zot:4)
  6 stone giants
  A war gargoyle (Dis:7)
  A deep elf demonologist (Vaults:1)
  A blizzard demon (Pan)
  2 green deaths (Pan)
  2 yaktaur captains
  A vault guard (Vaults:5)
  2 centaur warriors
  A hell hog (Abyss:1)
  A wretched star (Abyss:1)
  A shadow wraith (Vaults:3)
  An unseen horror (shapeshifter) (Elf:3)
  A wizard (Pan)
  2 deep elf archers
  A worldbinder (Abyss:1)
  A moth of wrath (Zot:5)
  3 large abominations
  3 hellwings (Pan)
  12 yaktaurs
  A red devil (Abyss:1)
  A redback (Spider:2)
  A wraith (Dis:3)
  A small abomination (Abyss:3)
  A neqoxec (Pan)
  A hell hound (Dis:7)
  2 orc warriors
  2 starcursed masses (Abyss:1)
  An ogre (Vaults:5)
  A centaur (D:15)
  An iron imp (Abyss:1)
  A jelly (shapeshifter) (Vaults:1)
  131 ball lightnings (Pan)
  An orc (D:7)
  4 blocks of ice (Pan)
  A bush (Lair:6)
  289 fire vortices
  39 fungi
  A lurking horror (Abyss:3)
  65 plants
  59 starspawn tentacles
  19 tentacles
674 creatures vanquished.

Grand Total: 6208 creatures vanquished

Notes
Turn   | Place    | Note
-------+----------+-------------------------------------------
     0 | D:1      | FrothyCoffee the Gargoyle Earth Elementalist began the quest for the Orb.
     0 | D:1      | Reached XP level 1. HP: 10/10 MP: 3/3
   344 | D:1      | Reached XP level 2. HP: 10/16 MP: 1/5
   530 | D:1      | Reached skill level 1 in Fighting
  1371 | D:1      | Reached XP level 3. HP: 19/20 MP: 6/6
  1743 | D:2      | Learned a level 2 spell: Passwall
  1747 | D:2      | Learned a level 3 spell: Stone Arrow
  1859 | D:2      | Found a transporter.
  1859 | D:2      | Found a transporter.
  1860 | D:2      | Noticed a hippogriff
  2004 | D:2      | Found a shadowy altar of Dithmenos.
  2229 | D:2      | Found a snail-covered altar of Cheibriados.
  2270 | D:2      | Found a sparkling altar of Nemelex Xobeh.
  2500 | D:2      | Found a burning altar of Makhleb.
  2686 | D:3      | Reached skill level 2 in Fighting
  2686 | D:3      | Reached XP level 4. HP: 26/26 MP: 6/8
  2710 | D:3      | Noticed Sigmund
  2789 | D:3      | Found a runed door.
  3214 | D:3      | Reached XP level 5. HP: 31/31 MP: 5/9
  3692 | D:3      | Reached skill level 5 in Earth Magic
  3817 | D:3      | Noticed Jessica
  3821 | D:3      | Killed Jessica
  3906 | D:3      | Reached skill level 3 in Fighting
  4102 | D:3      | Noticed Crazy Yiuf
  4105 | D:3      | Killed Crazy Yiuf
  4294 | D:4      | Noticed an ice beast
  4298 | D:4      | Killed an ice beast
  4298 | D:4      | Reached XP level 6. HP: 37/37 MP: 5/11
  4305 | D:4      | Found a hazy altar of Hepliaklqana.
  4355 | D:4      | Reached skill level 4 in Fighting
  4498 | D:4      | Reached XP level 7. HP: 42/43 MP: 8/13
  4566 | D:4      | Found a glowing drain.
  4578 | Sewer    | Entered a sewer
  4702 | Sewer    | Noticed Purgy
  4711 | Sewer    | Killed Purgy
  4900 | D:4      | Found a runed door.
  4914 | D:4      | Noticed WinstonMain's ghost (amateur MfIE)
  5286 | D:4      | Killed WinstonMain's ghost
  5286 | D:4      | Reached skill level 5 in Fighting
  5356 | D:3      | Killed Sigmund
  5356 | D:3      | Reached skill level 5 in Spellcasting
  5356 | D:3      | Reached XP level 8. HP: 37/50 MP: 3/15
  5476 | D:5      | Entered Level 5 of the Dungeon
  5537 | D:5      | Found Boaghas's Distillery.
  5572 | D:5      | Found a stormy altar of Qazlal.
  5625 | D:5      | Found a sand-covered staircase.
  5638 | Ossuary  | Entered an ossuary
  6087 | Ossuary  | Reached skill level 6 in Fighting
  6399 | D:5      | Learned a level 5 spell: Lee's Rapid Deconstruction
  6498 | D:5      | Found a staircase to the Ecumenical Temple.
  7171 | D:6      | Reached XP level 9. HP: 56/56 MP: 13/18
  7187 | D:6      | Reached skill level 7 in Fighting
  7916 | D:7      | Found Ymoisyme's Book Boutique.
  8052 | D:7      | Learned a level 4 spell: Petrify
  8817 | D:7      | Reached skill level 1 in Conjurations
  9320 | D:7      | Reached skill level 8 in Fighting
  9724 | D:8      | Reached XP level 10. HP: 52/64 MP: 6/21
  9872 | D:8      | Reached skill level 10 in Earth Magic
 10566 | D:8      | Found a staircase to the Lair.
 10567 | D:8      | Noticed a death yak
 10567 | D:8      | Noticed a death yak
 10567 | D:8      | Noticed a death yak
 11225 | Temple   | Entered the Ecumenical Temple
 11355 | Temple   | Became a worshipper of Vehumet
 11529 | D:9      | Found a flagged portal.
 11548 | D:9      | Reached skill level 9 in Fighting
 11579 | Bailey   | Entered a bailey
 11762 | Bailey   | Reached * piety under Vehumet
 11762 | Bailey   | Offered knowledge of Sting by Vehumet.
 12311 | Bailey   | Reached skill level 5 in Conjurations
 12758 | Bailey   | Noticed an orc warlord
 12771 | Bailey   | Noticed an orc knight
 12801 | Bailey   | Offered knowledge of Searing Ray by Vehumet.
 12821 | Bailey   | Reached ** piety under Vehumet
 13312 | D:9      | Killed an orc knight
 13533 | D:9      | Reached XP level 11. HP: 72/72 MP: 23/23
 13748 | D:10     | Entered Level 10 of the Dungeon
 14178 | D:10     | Offered knowledge of Throw Flame by Vehumet.
 14372 | D:10     | Reached *** piety under Vehumet
 14568 | D:10     | Reached skill level 10 in Fighting
 14796 | D:10     | Noticed a two-headed ogre
 14807 | D:10     | Killed a two-headed ogre
 15258 | D:11     | Found a staircase to the Orcish Mines.
 15258 | D:11     | Found Ykutsog's Armour Shoppe.
 15576 | D:11     | Noticed Maurice
 15595 | D:11     | Killed Maurice
 15665 | D:11     | Offered knowledge of Static Discharge by Vehumet.
 15779 | D:11     | Identified 2 scrolls of acquirement
 15782 | D:11     | Got a transparent buckler
 15783 | D:11     | Identified the +3 buckler of the Postmodern Beds {Dex+2} (You acquired it on level 11 of the Dungeon)
 15836 | D:11     | Upgraded the game from 0.22-a0-825-ga28c36f to 0.22-a0-833-g8522bf8
 15841 | D:11     | Got a pair of distressingly furry gloves
 15844 | D:11     | Identified the +2 pair of gloves of Lost {rPois Int+7 Slay-4} (You acquired it on level 11 of the Dungeon)
 16847 | Lair:1   | Entered Level 1 of the Lair of Beasts
 16879 | Lair:1   | Learned a level 2 spell: Blink
 17037 | Lair:1   | Reached skill level 1 in Shields
 17120 | Lair:1   | Reached skill level 1 in Translocations
 17127 | Lair:1   | Reached **** piety under Vehumet
 17348 | Lair:1   | Reached XP level 12. HP: 55/79 MP: 8/25
 17434 | Lair:1   | Offered knowledge of Fulminant Prism by Vehumet.
 17999 | Lair:2   | Found a labyrinth entrance.
 18003 | Lair:2   | Reached skill level 11 in Fighting
 18011 | Lab      | Entered a labyrinth
 20033 | Lab      | Noticed a minotaur
 20043 | Lab      | Killed a minotaur
 20863 | Lair:2   | Found the +3 robe of Clouds {+Fly rElec}
 20890 | Lair:2   | Reached skill level 10 in Spellcasting
 21318 | Lair:2   | Found a bloodstained altar of Trog.
 22191 | Lair:3   | Reached skill level 1 in Armour
 22498 | Lair:3   | Found a staircase to the Shoals.
 22565 | Lair:3   | Reached skill level 12 in Fighting
 23281 | Lair:4   | Found a hole to the Spider Nest.
 23392 | Lair:4   | Reached XP level 13. HP: 86/86 MP: 19/27
 23614 | D:7      | Bought a book of the Earth for 650 gold pieces
 23620 | D:7      | Learned a level 5 spell: Bolt of Magma
 24363 | Lair:5   | Reached skill level 1 in Fire Magic
 24580 | Lair:5   | Reached ***** piety under Vehumet
 24580 | Lair:5   | Offered knowledge of Bolt of Fire by Vehumet.
 25198 | Lair:5   | Found a staircase to the Slime Pits.
 25487 | Lair:5   | Noticed an entropy weaver
 25805 | Lair:4   | Killed an entropy weaver
 26130 | Lair:5   | Noticed an entropy weaver
 26157 | Lair:5   | Killed an entropy weaver
 26632 | Lair:5   | Learned a level 6 spell: Bolt of Fire
 26668 | Lair:6   | Entered Level 6 of the Lair of Beasts
 27961 | Lair:6   | Reached skill level 5 in Fire Magic
 28196 | Lair:6   | Reached skill level 10 in Conjurations
 28447 | Lair:6   | Reached skill level 13 in Fighting
 28966 | Lair:6   | Gained mutation: Your large and strong wings let you fly indefinitely. [Gargoyle growth]
 28966 | Lair:6   | Reached XP level 14. HP: 94/94 MP: 8/29
 29557 | Lair:6   | Offered knowledge of Freezing Cloud by Vehumet.
 32912 | D:13     | Reached skill level 10 in Fire Magic
 33410 | D:13     | Got a crude cloak
 33442 | D:13     | Identified the +2 cloak of Ufineas {Str+3} (You found it on level 13 of the Dungeon)
 34155 | D:14     | Noticed Snorg
 34162 | D:14     | Killed Snorg
 36442 | D:14     | Reached skill level 5 in Armour
 36496 | D:14     | Found a basalt altar of Yredelemnul.
 36985 | Orc:1    | Entered Level 1 of the Orcish Mines
 37358 | Orc:1    | Found Feadugh's Food Shop.
 37478 | Orc:1    | Found a radiant altar of Vehumet.
 37643 | Orc:2    | Entered Level 2 of the Orcish Mines
 37659 | Orc:2    | Found Nuwaur's Antique Armour Boutique.
 37867 | Orc:2    | Found Muqezxon's Book Shop.
 37876 | Orc:2    | Found Gyoj's Antique Armour Emporium.
 37880 | Orc:2    | Found Hauli's Magic Scroll Boutique.
 37919 | Orc:2    | Reached skill level 5 in Shields
 38148 | Orc:1    | Learned a level 6 spell: Iron Shot
 38387 | Orc:2    | Reached XP level 15. HP: 87/99 MP: 18/30
 38399 | Orc:2    | Offered knowledge of Venom Bolt by Vehumet.
 39092 | Orc:2    | Found Maibalat's Magic Scroll Shoppe.
 39092 | Orc:2    | Found Xetian's Magic Scroll Boutique.
 39556 | Orc:2    | Found a staircase to the Elven Halls.
 39733 | Orc:2    | Offered knowledge of Ozocubu's Refrigeration by Vehumet.
 39738 | Orc:2    | Found a roughly hewn altar of Beogh.
 40144 | Orc:2    | Found Wuaceule's Weapon Boutique.
 40144 | Orc:2    | Found Loru's Jewellery Shoppe.
 40194 | Orc:2    | Found Hauli's Magic Scroll Boutique.
 40197 | Orc:2    | Found Gyoj's Antique Armour Emporium.
 40216 | Orc:2    | Found Nuwaur's Antique Armour Boutique.
 40237 | Orc:2    | Found Muqezxon's Book Shop.
 40286 | Orc:2    | Found a roughly hewn altar of Beogh.
 40329 | Orc:2    | Found Wuaceule's Weapon Boutique.
 40329 | Orc:2    | Found Loru's Jewellery Shoppe.
 40354 | Orc:2    | Found Xetian's Magic Scroll Boutique.
 40354 | Orc:2    | Found Maibalat's Magic Scroll Shoppe.
 40674 | Orc:2    | Found a staircase to the Elven Halls.
 41422 | D:14     | Found a gate to the Vaults.
 42410 | D:14     | Found a gate to the Vaults.
 42593 | D:14     | Found a basalt altar of Yredelemnul.
 42802 | D:15     | Entered Level 15 of the Dungeon
 42925 | D:15     | Reached skill level 14 in Fighting
 43295 | D:15     | Found a staircase to the Depths.
 43351 | D:15     | Reached ****** piety under Vehumet
 43798 | D:15     | Found Yheloz's Magic Scroll Shoppe.
 44910 | Spider:1 | Entered Level 1 of the Spider Nest
 45118 | Spider:1 | Offered knowledge of Spellforged Servitor by Vehumet.
 45136 | Spider:1 | Learned a level 7 spell: Spellforged Servitor
 45211 | Spider:1 | Reached XP level 16. HP: 98/107 MP: 32/32
 45273 | Spider:1 | Reached skill level 1 in Summonings
 45794 | Spider:1 | Found a runed door.
 45796 | Spider:1 | Noticed Pyrghexo's ghost (adept MiFi)
 46073 | Spider:1 | Killed Pyrghexo's ghost
 46242 | Spider:2 | Noticed Frances
 46423 | Spider:2 | Killed Frances
 46546 | Spider:2 | Noticed Nikola
 47268 | Spider:2 | Offered knowledge of Bolt of Cold by Vehumet.
 47748 | Spider:2 | Killed Nikola
 47748 | Spider:2 | Reached skill level 5 in Summonings
 47755 | Spider:2 | Upgraded the game from 0.22-a0-833-g8522bf8 to 0.22-a0-848-ge9e22a0
 48122 | Spider:2 | Noticed Arachne
 48452 | Spider:2 | Reached skill level 15 in Fighting
 48887 | Spider:2 | Killed Arachne
 49646 | Spider:3 | Noticed Jorgrun
 50236 | Spider:3 | Reached XP level 17. HP: 79/113 MP: 3/33
 51582 | Spider:4 | Entered Level 4 of the Spider Nest
 52265 | Spider:4 | Offered knowledge of Orb of Destruction by Vehumet.
 52279 | Spider:4 | Learned a level 7 spell: Orb of Destruction
 55697 | Spider:4 | Reached skill level 16 in Fighting
 55898 | Spider:4 | Got a gossamer rune of Zot
 56061 | Shoals:1 | Entered Level 1 of the Shoals
 56319 | Orc:2    | Bought an uncursed ring of protection from magic for 325 gold pieces
 56622 | Shoals:1 | Found a frozen archway.
 56626 | IceCv    | Entered an ice cave
 56676 | IceCv    | Offered knowledge of Tornado by Vehumet.
 56676 | IceCv    | Offered knowledge of Ignition by Vehumet.
 57897 | Shoals:1 | Reached skill level 10 in Summonings
 58016 | Shoals:1 | Noticed Roxanne
 58021 | Shoals:1 | Killed Roxanne
 58023 | Shoals:1 | Noticed Louise
 58038 | Shoals:1 | Killed Louise
 58238 | Shoals:1 | Identified Roxanne's Reference Book on Earth (You took it off Roxanne on level 1 of the Shoals)
 58327 | Shoals:1 | Reached XP level 18. HP: 120/120 MP: 28/35
 59809 | Shoals:2 | Learned a level 5 spell: Fireball
 60986 | Shoals:3 | Reached skill level 5 in Dodging
 61579 | Shoals:4 | Entered Level 4 of the Shoals
 61707 | Shoals:4 | Noticed Ilsuiw
 61832 | Shoals:4 | Killed Ilsuiw
 62434 | Shoals:4 | Got a barnacled rune of Zot
 64235 | Shoals:4 | Identified the +4 chain mail of Iwnemuic {+Inv} (You found it on level 4 of the Shoals)
 64270 | Shoals:4 | Found the wizard robe
 64273 | Shoals:4 | Identified the cursed -5 robe of Misfortune {-Cast *Contam *Tele *Drain EV-5 Stlth-- *Curse} (You found it on level 4 of the Shoals)
 64851 | Vaults:1 | Entered Level 1 of the Vaults
 64875 | Vaults:1 | Reached XP level 19. HP: 105/127 MP: 16/37
 65347 | Vaults:1 | Reached skill level 17 in Fighting
 66769 | Vaults:1 | Reached skill level 15 in Conjurations
 67289 | Vaults:1 | Found Diuruint's Magic Scroll Boutique.
 67372 | Vaults:1 | Bought a scroll of blinking for 112 gold pieces
 67372 | Vaults:1 | Bought a scroll of blinking for 112 gold pieces
 67372 | Vaults:1 | Bought a scroll of blinking for 112 gold pieces
 67511 | Vaults:1 | Identified the ring "Wipiwage" {rElec rPois Dex+2} (You took it off a frost giant on level 1 of the Vaults)
 68015 | Vaults:1 | Got a warped graven amulet
 68016 | Vaults:1 | Identified the amulet of Ziatas {Regen+ Dex+3} (You took it off a vault sentinel on level 1 of the Vaults)
 68263 | Vaults:2 | Found a staircase to the Crypt.
 68837 | Vaults:2 | Found Ychuisch's Book Emporium.
 69008 | Vaults:2 | Found Naofaus's Assorted Antiques.
 69029 | Vaults:2 | Noticed Donald
 69033 | Vaults:2 | Killed Donald
 69437 | Vaults:2 | Found Uratwuic's Food Shop.
 69446 | Vaults:2 | Found Teischu's Magic Scroll Shop.
 69820 | Vaults:2 | Reached XP level 20. HP: 136/136 MP: 9/38
 70009 | Vaults:2 | Identified the +0 arbalest of Qazlal's Scorn {elec, rC+ Str+4} (You found it on level 2 of the Vaults)
 71252 | Vaults:3 | Reached skill level 10 in Shields
 75362 | Elf:1    | Entered Level 1 of the Elven Halls
 75372 | Elf:1    | Reached skill level 18 in Fighting
 75372 | Elf:1    | Reached XP level 21. HP: 141/141 MP: 22/39
 75454 | Elf:1    | Found a magical portal.
 75459 | WizLab   | Entered Zonguldrok's Shrine
 75687 | WizLab   | Reached skill level 1 in Evocations
 75998 | WizLab   | Noticed an antique lich
 76003 | WizLab   | Found the +9 sword of Zonguldrok {reap}
 76010 | WizLab   | Killed an antique lich
 76456 | Elf:1    | Identified the Almanac of Sinister Arts
 76611 | Elf:1    | Reached skill level 1 in Long Blades
 77837 | Elf:2    | Reached skill level 19 in Fighting
 78891 | Elf:2    | Got a pair of dazzling boots
 78892 | Elf:2    | Identified the +4 pair of boots "Sem Betz" {+Blink rElec rF+ rN+} (You found it on level 2 of the Elven Halls)
 79044 | Elf:2    | Found Podd's General Store.
 79176 | Elf:2    | Found a runed gate.
 79178 | Elf:2    | Found a runed gate.
 79178 | Elf:2    | Found a runed gate.
 79265 | Elf:2    | Found a roughly hewn altar of Beogh.
 79360 | Elf:3    | Entered Level 3 of the Elven Halls
 79538 | Elf:3    | Identified the ring of Vezxito {rC+++ rN+ MR+ Str-5 Int+2} (You found it on level 3 of the Elven Halls)
 80587 | Elf:3    | Reached skill level 5 in Evocations
 80887 | Elf:3    | Reached skill level 15 in Spellcasting
 80898 | Elf:3    | Reached XP level 22. HP: 124/150 MP: 41/41
 80902 | Elf:3    | Reached skill level 15 in Shields
 81202 | Elf:3    | Reached skill level 20 in Fighting
 81467 | Elf:3    | Identified the +7 hand axe "Kyz Voem" {chop, rElec MP+9 Dex+2} (You took it off a deep elf death mage on level 3 of the Elven Halls)
 81473 | Elf:3    | Got a jewelled leather armour
 81480 | Elf:3    | Identified the cursed +1 leather armour of the Lily {Dex+2} (You took it off a deep elf demonologist on level 3 of the Elven Halls)
 81482 | Elf:3    | Identified the amulet "Yjickos" {RegenMP rPois} (You took it off a deep elf demonologist on level 3 of the Elven Halls)
 81739 | Elf:3    | Found Diremoam's Antique Armour Shop.
 81744 | Elf:3    | Bought a brightly glowing cloak for 237 gold pieces
 81744 | Elf:3    | Identified the +2 cloak of the Sturgeon {Dex+6} (You bought it in a shop on level 3 of the Elven Halls)
 82169 | Elf:3    | Got a faintly humming ring mail
 82183 | Elf:3    | Identified the +4 ring mail of Watchfulness {rElec MR+ Dex-3} (You found it on level 3 of the Elven Halls)
 82214 | Elf:3    | Identified the Volume of the Ashen Voyage
 82235 | Elf:3    | Identified the +5 quick blade of Hacking and Slashing {venom, rElec} (You found it on level 3 of the Elven Halls)
 82267 | Elf:3    | Identified the Disquisition on Enthralling Confrontation
 83261 | Depths:1 | Entered Level 1 of the Depths
 83751 | Depths:1 | Reached skill level 15 in Fire Magic
 84058 | Depths:1 | Found a gateway to Hell.
 84493 | Depths:1 | Got a smoking scale mail
 84494 | Depths:1 | Identified the cursed +1 scale mail "Uwucser" {rF+ Regen+ Int+3} (You found it on level 1 of the Depths)
 85109 | Depths:2 | Noticed Saint Roka
 85122 | Depths:2 | Killed Saint Roka
 85281 | Depths:2 | Found Syopua's Jewellery Shop.
 85281 | Depths:2 | Found Jabi's Armour Boutique.
 85321 | Depths:2 | Noticed Aizul
 85329 | Depths:2 | Killed Aizul
 85684 | Depths:2 | Found a transporter.
 85691 | Depths:2 | Found a corrupted altar of Lugonu.
 85956 | Depths:2 | Learned a level 8 spell: Ignition
 85980 | Depths:2 | Reached skill level 21 in Fighting
 85995 | Depths:2 | Identified Inangali's Papyrus of Hurtful Shape Shifting
 86019 | Depths:2 | Found a transporter.
 86386 | Depths:3 | Got a shimmering chain mail
 86387 | Depths:3 | Identified the cursed +1 chain mail "Gaussah" {rN+ rCorr Int-3 Slay+4} (You found it on level 3 of the Depths)
 86465 | Depths:3 | Reached XP level 23. HP: 160/160 MP: 42/42
 86470 | Depths:3 | Paralysed by the power of Zot for 3 turns
 86592 | Depths:3 | Got crude shadow dragon scales
 86767 | Depths:3 | Found the +8 lance "Wyrmbane" {slay drac, rPois rF+ rC+ AC+3}
 86988 | Depths:3 | Identified the +6 quarterstaff of the Ass {drain, +Rage rPois rF- Dex+3} (You took it off a boggart on level 3 of the Depths)
 86999 | Depths:3 | Reached skill level 1 in Polearms
 87224 | Depths:3 | Found a one-way gate leading to the halls of Pandemonium.
 87390 | Depths:3 | Noticed Jory
 87397 | Depths:3 | Killed Jory
 87494 | Depths:3 | Found a gateway to a ziggurat.
 87749 | Depths:3 | Found a shadowy altar of Dithmenos.
 88061 | Depths:4 | Found a one-way gate to the infinite horrors of the Abyss.
 88169 | Depths:4 | Got a fine hat
 88180 | Depths:4 | Identified the +2 hat "Desch" {*Drain MR+++ Str+2 Int-4} (You acquired it on level 4 of the Depths)
 89115 | Depths:4 | Upgraded the game from 0.22-a0-848-ge9e22a0 to 0.22-a0-866-geee5034
 89503 | Depths:2 | Learned a level 3 spell: Regeneration
 89741 | Depths:4 | Reached skill level 1 in Necromancy
 90276 | Depths:4 | Found a stormy altar of Qazlal.
 90482 | Depths:5 | Entered Level 5 of the Depths
 90496 | Depths:5 | Reached XP level 24. HP: 127/168 MP: 6/42
 90857 | Depths:5 | Reached skill level 10 in Armour
 92019 | Depths:5 | Found Zuirphem's Antique Weapon Emporium.
 92461 | Depths:5 | Found a gate to the Realm of Zot.
 92653 | Depths:5 | Reached skill level 22 in Fighting
 93398 | Vaults:5 | Entered Level 5 of the Vaults
 93399 | Vaults:5 | Reached skill level 5 in Polearms
 93405 | Vaults:5 | Noticed Margery
 93771 | Vaults:5 | Reached XP level 25. HP: 170/173 MP: 16/42
 95187 | Vaults:5 | Killed Margery
 95688 | Vaults:5 | Got a pair of slimy boots
 95692 | Vaults:5 | Identified the +0 pair of boots "Penopra" {rElec MR+ Str+2} (You found it on level 5 of the Vaults)
 95695 | Vaults:5 | Got a pair of distressingly furry boots
 95696 | Vaults:5 | Identified the +0 pair of boots of Proximity {rF+ Dex-5 SInv} (You found it on level 5 of the Vaults)
 95841 | Vaults:5 | Got a silver rune of Zot
 96972 | Slime:1  | Entered Level 1 of the Pits of Slime
 98060 | Slime:1  | Gained mutation: You tend to lose your temper in combat. [a shining eye]
 98808 | Vaults:5 | Lost mutation: You tend to lose your temper in combat. [potion of mutation]
 98808 | Vaults:5 | Gained mutation: You have sharp toenails. [potion of mutation]
 98808 | Vaults:5 | Gained mutation: You have razor-sharp toenails. [potion of mutation]
 98808 | Vaults:5 | Gained mutation: You tend to lose your temper in combat. [potion of mutation]
 98808 | Vaults:5 | Gained mutation: Your flesh is heat resistant. (rF+) [potion of mutation]
 98809 | Vaults:5 | Lost mutation: You tend to lose your temper in combat. [potion of mutation]
 98809 | Vaults:5 | Lost mutation: You have razor-sharp toenails. [potion of mutation]
 98809 | Vaults:5 | Gained mutation: You have supernaturally acute eyesight. (SInv) [potion of mutation]
 98809 | Vaults:5 | Gained mutation: Your mind is acute. (Int +2) [potion of mutation]
 98809 | Vaults:5 | Gained mutation: You are partially covered in icy blue scales. (AC +2) [potion of mutation]
 98809 | Vaults:5 | Gained mutation: Your spells are a little harder to cast, but a little more powerful. [potion of mutation]
 99326 | Slime:2  | Reached skill level 10 in Polearms
 99326 | Slime:2  | Reached XP level 26. HP: 177/180 MP: 39/42
 99348 | Slime:2  | Lost mutation: Your mind is acute. (Int +2) [a shining eye]
 99441 | Slime:4  | Gained mutation: Armour fits poorly on your strangely shaped body. [a shining eye]
 99442 | Slime:4  | Gained mutation: You are clumsy. (Dex -2) [a shining eye]
100335 | Slime:4  | Paralysed by a floating eye for 2 turns
100575 | Slime:5  | Entered Level 5 of the Pits of Slime
100693 | Slime:5  | Noticed the Royal Jelly
100697 | Slime:5  | Killed the Royal Jelly
101260 | Slime:5  | Got a slimy rune of Zot
101597 | Slime:5  | Got a scintillating bone ring
101598 | Slime:5  | Identified the ring "Zuabrayr" {+Fly rElec rN+ Str+4 Slay-4} (You found it on level 5 of the Pits of Slime)
101624 | Slime:5  | Got a glittering brass ring
101625 | Slime:5  | Identified the ring "Juc Nasteu" {*Tele MR+} (You found it on level 5 of the Pits of Slime)
101636 | Slime:5  | Got a wavering jade ring
101637 | Slime:5  | Identified the ring of Tender Moments {Wiz *Drain rPois SInv Stlth+} (You acquired it on level 5 of the Pits of Slime)
101683 | Slime:5  | Got a heavily runed wooden ring
101727 | Slime:5  | Identified the ring of Kumupreq {Str+6 Dex+5} (You found it on level 5 of the Pits of Slime)
101779 | Slime:5  | Learned a level 9 spell: Fire Storm
102260 | Depths:4 | Voluntarily entered the Abyss.
103381 | Abyss:1  | Found a corrupted altar of Lugonu.
103450 | Abyss:2  | Found a corrupted altar of Lugonu.
104125 | Abyss:3  | Reached XP level 27. HP: 178/186 MP: 43/43
104458 | Abyss:3  | Reached skill level 23 in Fighting
104687 | Abyss:3  | Found a sparkling altar of Nemelex Xobeh.
104998 | Abyss:3  | Got an abyssal rune of Zot
105305 | Depths:4 | Escaped the Abyss
105306 | Depths:4 | Upgraded the game from 0.22-a0-866-geee5034 to 0.23-a0-4-g8f018a2
105409 | Zot:1    | Entered Level 1 of the Realm of Zot
106742 | Zot:2    | Noticed an orb of fire
106753 | Zot:1    | Reached skill level 15 in Armour
106793 | Zot:1    | Killed an orb of fire
108061 | Zot:3    | Found a runed gate.
108062 | Zot:3    | Found a runed gate.
108062 | Zot:3    | Found an opulent altar of Gozag.
108063 | Zot:3    | Found a runed gate.
108064 | Zot:3    | Noticed an orb of fire
108065 | Zot:3    | Noticed Esiehemm's ghost (master MiBe)
108333 | Zot:3    | Found User's Assorted Antiques.
108995 | Zot:3    | Killed an orb of fire
109049 | Zot:3    | Killed Esiehemm's ghost
109619 | Zot:4    | Reached skill level 24 in Fighting
109912 | Zot:4    | Found a huge runed gate.
109912 | Zot:4    | Found a huge runed gate.
109913 | Zot:4    | Found a huge runed gate.
109914 | Zot:4    | Found a huge runed gate.
109915 | Zot:4    | Found a huge runed gate.
109916 | Zot:4    | Found a huge runed gate.
109917 | Zot:4    | Found a huge runed gate.
109918 | Zot:4    | Found a huge runed gate.
109919 | Zot:4    | Found a huge runed gate.
109920 | Zot:4    | Found a huge runed gate.
109932 | Zot:4    | Found a huge runed gate.
109933 | Zot:4    | Found a huge runed gate.
109934 | Zot:4    | Found a huge runed gate.
109962 | Zot:4    | Found a huge runed gate.
109962 | Zot:4    | Found a huge runed gate.
109962 | Zot:4    | Found a huge runed gate.
109962 | Zot:4    | Found a huge runed gate.
109963 | Zot:4    | Found a huge runed gate.
109963 | Zot:4    | Found a huge runed gate.
109963 | Zot:4    | Found a huge runed gate.
109963 | Zot:4    | Found a huge runed gate.
109991 | Zot:4    | Found a huge runed gate.
109991 | Zot:4    | Found a huge runed gate.
110050 | Zot:4    | Found a huge runed gate.
110051 | Zot:4    | Found a huge runed gate.
110052 | Zot:4    | Found a huge runed gate.
110486 | Zot:4    | Reached skill level 5 in Necromancy
110839 | Zot:4    | Noticed an ancient lich
110840 | Zot:4    | Noticed an ancient lich
110841 | Zot:4    | Killed an ancient lich
110843 | Zot:4    | Killed an ancient lich
111247 | Zot:5    | Entered Level 5 of the Realm of Zot
111528 | Zot:5    | Noticed an ancient lich
111532 | Zot:5    | Killed an ancient lich
111715 | Zot:5    | Noticed an ancient lich
111718 | Zot:5    | Killed an ancient lich
111735 | Zot:5    | Noticed an orb of fire
111739 | Zot:5    | Gained mutation: You are frail. (-10% HP) [an orb of fire]
111753 | Zot:5    | Gained mutation: Potions are less effective at restoring your health. [an orb of fire]
111754 | Zot:5    | Killed an orb of fire
111807 | Zot:5    | Noticed an ancient lich
111821 | Zot:5    | Killed an ancient lich
112196 | Zot:5    | Noticed an orb of fire
112200 | Zot:5    | Gained mutation: Your magical capacity is low. (-10% MP) [an orb of fire]
112206 | Zot:5    | Killed an orb of fire
112329 | Zot:5    | Noticed an orb of fire
112331 | Zot:5    | Gained mutation: You occasionally shout uncontrollably at your foes. [an orb of fire]
112333 | Zot:5    | Gained mutation: Your body sometimes deteriorates upon taking damage. [an orb of fire]
112335 | Zot:5    | Gained mutation: You are weak. (Str -2) [an orb of fire]
112348 | Zot:5    | Killed an orb of fire
112419 | Zot:5    | Noticed an orb of fire
112421 | Zot:5    | Gained mutation: You are very weak. (Str -4) [an orb of fire]
112422 | Zot:5    | Noticed an ancient lich
112430 | Zot:5    | Killed an orb of fire
112444 | Zot:5    | Killed an ancient lich
112726 | Zot:5    | Noticed an orb of fire
112733 | Zot:5    | Gained mutation: Your magical capacity is very low. (-20% MP) [an orb of fire]
112735 | Zot:5    | Killed an orb of fire
112800 | Zot:5    | Noticed an orb of fire
112805 | Zot:5    | Killed an orb of fire
113250 | Depths:1 | Reached skill level 25 in Fighting
113312 | Depths:1 | Identified the amulet "Koimiuse" {Spirit rPois Str+3 Stlth+} (You found it on level 1 of the Depths)
113541 | Vaults:2 | Bought a ration for 60 gold pieces
113541 | Vaults:2 | Bought a ration for 60 gold pieces
113541 | Vaults:2 | Bought a ration for 60 gold pieces
113541 | Vaults:2 | Bought a ration for 60 gold pieces
113541 | Vaults:2 | Bought a ration for 60 gold pieces
113541 | Vaults:2 | Bought a ration for 60 gold pieces
113541 | Vaults:2 | Bought a ration for 60 gold pieces
113541 | Vaults:2 | Bought a ration for 60 gold pieces
113541 | Vaults:2 | Bought a ration for 60 gold pieces
113541 | Vaults:2 | Bought a ration for 60 gold pieces
113541 | Vaults:2 | Bought a ration for 60 gold pieces
113716 | Orc:1    | Bought a ration for 55 gold pieces
113716 | Orc:1    | Bought a ration for 55 gold pieces
113716 | Orc:1    | Bought a ration for 55 gold pieces
113716 | Orc:1    | Bought a ration for 55 gold pieces
113716 | Orc:1    | Bought a ration for 55 gold pieces
113716 | Orc:1    | Bought a ration for 55 gold pieces
113716 | Orc:1    | Bought a ration for 55 gold pieces
113716 | Orc:1    | Bought a ration for 55 gold pieces
113716 | Orc:1    | Bought a ration for 55 gold pieces
113716 | Orc:1    | Bought a ration for 55 gold pieces
113716 | Orc:1    | Bought a ration for 55 gold pieces
113896 | Crypt:1  | Entered Level 1 of the Crypt
113899 | Crypt:1  | Lost mutation: Your magical capacity is very low. (-20% MP) [potion of mutation]
113899 | Crypt:1  | Lost mutation: You are very weak. (Str -4) [potion of mutation]
113899 | Crypt:1  | Lost mutation: You are frail. (-10% HP) [potion of mutation]
113899 | Crypt:1  | Lost mutation: You are partially covered in icy blue scales. (AC +2) [potion of mutation]
113899 | Crypt:1  | Gained mutation: You are partially covered in iridescent scales. (AC +2) [potion of mutation]
113903 | Crypt:1  | Lost mutation: Your spells are a little harder to cast, but a little more powerful. [potion of mutation]
113903 | Crypt:1  | Lost mutation: Armour fits poorly on your strangely shaped body. [potion of mutation]
113903 | Crypt:1  | Lost mutation: Your body sometimes deteriorates upon taking damage. [potion of mutation]
113903 | Crypt:1  | Lost mutation: Your magical capacity is low. (-10% MP) [potion of mutation]
113903 | Crypt:1  | Gained mutation: You are partially covered in molten scales. (AC +2) [potion of mutation]
113903 | Crypt:1  | Gained mutation: You have a beak for a mouth. [potion of mutation]
114531 | Crypt:1  | Learned a level 9 spell: Tornado
115012 | Crypt:2  | Reached skill level 1 in Air Magic
115766 | Crypt:3  | Entered Level 3 of the Crypt
116370 | Crypt:3  | Found a staircase to the Tomb.
116570 | Crypt:3  | Got a vibrating tin ring
116571 | Crypt:3  | Identified the ring "Anycobra" {rPois rN+ Int+3 Dex+2 Slay+3} (You found it on level 3 of the Crypt)
116572 | Crypt:3  | Identified the ring of Polytheism {rN+ Str+9 Dex+4} (You found it on level 3 of the Crypt)
116751 | Crypt:3  | Reached skill level 5 in Air Magic
117054 | Crypt:3  | Found an ancient bone altar of Kikubaaqudgha.
117056 | Crypt:3  | Noticed an ancient lich
117061 | Crypt:3  | Killed an ancient lich
117080 | Crypt:3  | Noticed an ancient lich
117092 | Crypt:3  | Killed an ancient lich
117606 | Depths:4 | Voluntarily entered the Abyss.
118313 | Abyss:1  | Found a blossoming altar of Fedhas.
118903 | Abyss:1  | Found a corrupted altar of Lugonu.
119499 | Abyss:1  | Found a corrupted altar of Lugonu.
119754 | Abyss:1  | Gained mutation: Your body sometimes deteriorates upon taking damage. [a neqoxec]
119984 | Abyss:2  | Reached skill level 26 in Fighting
120628 | Abyss:3  | Reached skill level 10 in Air Magic
121489 | Abyss:3  | Gained mutation: Your spells are a little easier to cast, but a little less powerful. [a cacodemon]
121524 | Depths:4 | Escaped the Abyss
121821 | Pan      | Entered Pandemonium
121886 | Pan      | Got an ichor-stained robe
121887 | Pan      | Identified the +1 robe of Kyihe {rF+ rN++ MR- Dex+4} (You found it in Pandemonium)
122135 | Pan      | Noticed Beczod the pandemonium lord
122156 | Pan      | Killed Beczod the pandemonium lord
122320 | Pan      | Found an exit through the horrors of the Abyss.
123213 | Pan      | Reached skill level 27 in Fighting
123235 | Pan      | Noticed Oxtag the pandemonium lord
123253 | Pan      | Killed Oxtag the pandemonium lord
124005 | Pan      | Found a transporter.
124117 | Pan      | Noticed Mennas
124145 | Pan      | Killed Mennas
124208 | Pan      | Reached skill level 10 in Evocations
124744 | Pan      | Found a transporter.
125295 | Pan      | Got a twitching lapis lazuli ring
125323 | Pan      | Got a wavering silver amulet
125367 | Pan      | Entered the realm of Lom Lobon.
126182 | Pan      | Noticed Lom Lobon
127765 | Pan      | Killed Lom Lobon
127813 | Pan      | Got a magical rune of Zot
128045 | Pan      | Found an exit through the horrors of the Abyss.
128061 | Pan      | Lost mutation: You occasionally shout uncontrollably at your foes. [a neqoxec]
128063 | Pan      | Gained mutation: Your body often deteriorates upon taking damage. [a neqoxec]
128465 | Pan      | Found a huge runed gate.
128816 | Pan      | Noticed Resecad the pandemonium lord
128828 | Pan      | Killed Resecad the pandemonium lord
128847 | Pan      | Entered the realm of Gloorx Vloq.
128847 | Pan      | Noticed Gloorx Vloq
130273 | Pan      | Killed Gloorx Vloq
130388 | Pan      | Got a dark rune of Zot
130689 | Pan      | Entered the realm of Cerebov.
131376 | Pan      | Noticed Cerebov
131550 | Pan      | Learned a level 5 spell: Aura of Abjuration
131580 | Pan      | Got a transparent granite ring
131587 | Pan      | Learned a level 4 spell: Passage of Golubria
132101 | Pan      | Killed Cerebov
132130 | Pan      | Got a fiery rune of Zot
132253 | Pan      | Entered the realm of Mnoleg.
132456 | Pan      | Gained mutation: You are dopey. (Int -2) [a neqoxec]
132494 | Pan      | Found an exit through the horrors of the Abyss.
132606 | Pan      | Gained mutation: Your spells are easier to cast, but less powerful. [a neqoxec]
132693 | Pan      | Noticed Mnoleg
132781 | Pan      | Lost mutation: You have supernaturally acute eyesight. (SInv) [a neqoxec]
132794 | Pan      | Killed Mnoleg
132794 | Pan      | Lost mutation: Your flesh is heat resistant. (rF+) [a neqoxec]
132906 | Pan      | Got a glowing rune of Zot
133069 | Pan      | Found an exit through the horrors of the Abyss.
133125 | Pan      | Noticed Diphadoi the pandemonium lord
133144 | Pan      | Killed Diphadoi the pandemonium lord
133378 | Pan      | Noticed Omuegy the pandemonium lord
133428 | Pan      | Killed Omuegy the pandemonium lord
133884 | Pan      | Found an exit through the horrors of the Abyss.
134113 | Pan      | Found an exit through the horrors of the Abyss.
134326 | Pan      | Identified the ring "Feuplodu" {rN+ Int+3} (You took it off a balrug in Pandemonium)
134327 | Pan      | Identified the ring "Koiraos" {*Corrode +Fly rF++} (You found it in Pandemonium)
134328 | Pan      | Identified the amulet of Patience {RegenMP -Tele Int+3 Dex+6} (You found it in Pandemonium)
134503 | Pan      | Gained mutation: You do not regenerate when monsters are visible. [a cacodemon]
134504 | Pan      | Noticed Vugeurrekoo the pandemonium lord
134589 | Pan      | Killed Vugeurrekoo the pandemonium lord
134630 | Depths:5 | Escaped Pandemonium
134632 | Depths:5 | Lost mutation: Your spells are easier to cast, but less powerful. [potion of mutation]
134632 | Depths:5 | Lost mutation: Potions are less effective at restoring your health. [potion of mutation]
134632 | Depths:5 | Lost mutation: Your body often deteriorates upon taking damage. [potion of mutation]
134632 | Depths:5 | Gained mutation: You evolve. [potion of mutation]
134633 | Depths:5 | Lost mutation: Your body sometimes deteriorates upon taking damage. [potion of mutation]
134633 | Depths:5 | Lost mutation: You are clumsy. (Dex -2) [potion of mutation]
134633 | Depths:5 | Lost mutation: You have sharp toenails. [potion of mutation]
134633 | Depths:5 | Gained mutation: You are agile. (Dex +2) [potion of mutation]
134634 | Depths:5 | Lost mutation: You are weak. (Str -2) [potion of mutation]
134634 | Depths:5 | Lost mutation: You are agile. (Dex +2) [potion of mutation]
134634 | Depths:5 | Lost mutation: You are partially covered in molten scales. (AC +2) [potion of mutation]
134634 | Depths:5 | Gained mutation: You are robust. (+10% HP) [potion of mutation]
134634 | Depths:5 | Gained mutation: You are partially covered in icy blue scales. (AC +2) [potion of mutation]
134634 | Depths:5 | Lost mutation: You are dopey. (Int -2) [potion of mutation]
134635 | Depths:5 | Lost mutation: You evolve. [potion of mutation]
134635 | Depths:5 | Lost mutation: Your spells are a little easier to cast, but a little less powerful. [potion of mutation]
134635 | Depths:5 | Gained mutation: Your spells are a little easier to cast, but a little less powerful. [potion of mutation]
134635 | Depths:5 | Gained mutation: You are agile. (Dex +2) [potion of mutation]
134635 | Depths:5 | Gained mutation: Your muscles are strong. (Str +2) [potion of mutation]
134635 | Depths:5 | Gained mutation: Your flesh is cold resistant. (rC+) [potion of mutation]
134636 | Depths:5 | Lost mutation: Your muscles are strong. (Str +2) [potion of mutation]
134636 | Depths:5 | Lost mutation: You are partially covered in icy blue scales. (AC +2) [potion of mutation]
134636 | Depths:5 | Gained mutation: You have a pair of small antennae on your head. [potion of mutation]
134636 | Depths:5 | Lost mutation: You are agile. (Dex +2) [potion of mutation]
134636 | Depths:5 | Gained mutation: You have large cloven feet. [potion of mutation]
135209 | D:5      | Bought a potion of haste for 140 gold pieces
135209 | D:5      | Bought a potion of curing for 42 gold pieces
135209 | D:5      | Bought a potion of berserk rage for 70 gold pieces
135209 | D:5      | Bought a potion of mutation for 112 gold pieces
135209 | D:5      | Bought a potion of curing for 42 gold pieces
135209 | D:5      | Bought a potion of heal wounds for 70 gold pieces
135365 | Orc:2    | Lost mutation: You have large cloven feet. [potion of mutation]
135365 | Orc:2    | Lost mutation: You are robust. (+10% HP) [potion of mutation]
135365 | Orc:2    | Lost mutation: Your spells are a little easier to cast, but a little less powerful. [potion of mutation]
135365 | Orc:2    | Gained mutation: Armour fits poorly on your strangely shaped body. [potion of mutation]
135365 | Orc:2    | Lost mutation: You do not regenerate when monsters are visible. [potion of mutation]
135368 | Orc:2    | Bought a scroll of enchant armour for 90 gold pieces
135368 | Orc:2    | Bought a scroll of identify for 24 gold pieces
135368 | Orc:2    | Bought a scroll of teleportation for 36 gold pieces
135368 | Orc:2    | Bought a scroll of teleportation for 36 gold pieces
135368 | Orc:2    | Bought a scroll of remove curse for 36 gold pieces
135368 | Orc:2    | Bought a scroll of fear for 42 gold pieces
135368 | Orc:2    | Bought a scroll of teleportation for 36 gold pieces
135368 | Orc:2    | Bought a scroll of magic mapping for 42 gold pieces
135368 | Orc:2    | Bought a scroll of amnesia for 42 gold pieces
135436 | Orc:2    | Bought a scroll of identify for 30 gold pieces
135436 | Orc:2    | Bought a scroll of amnesia for 52 gold pieces
135436 | Orc:2    | Bought a scroll of enchant armour for 112 gold pieces
135436 | Orc:2    | Bought a scroll of magic mapping for 52 gold pieces
135436 | Orc:2    | Bought a scroll of identify for 30 gold pieces
135436 | Orc:2    | Bought a scroll of teleportation for 45 gold pieces
135445 | Orc:2    | Bought 2 scrolls of teleportation for 60 gold pieces
135445 | Orc:2    | Bought a scroll of magic mapping for 35 gold pieces
135445 | Orc:2    | Bought a scroll of magic mapping for 35 gold pieces
135445 | Orc:2    | Bought a scroll of teleportation for 30 gold pieces
136224 | Zot:3    | Bought a scroll of teleportation for 123 gold pieces
136224 | Zot:3    | Bought a potion of brilliance for 164 gold pieces
136224 | Zot:3    | Bought a potion of haste for 410 gold pieces
136680 | D:15     | Bought a scroll of identify for 28 gold pieces
136680 | D:15     | Bought a scroll of identify for 28 gold pieces
136680 | D:15     | Bought a scroll of identify for 28 gold pieces
136680 | D:15     | Bought a scroll of holy word for 105 gold pieces
136680 | D:15     | Bought a scroll of fear for 49 gold pieces
136680 | D:15     | Bought a scroll of fog for 28 gold pieces
136680 | D:15     | Bought a scroll of silence for 105 gold pieces
136680 | D:15     | Bought a scroll of teleportation for 42 gold pieces
136791 | Vaults:1 | Bought a scroll of holy word for 112 gold pieces
136791 | Vaults:1 | Bought a scroll of enchant armour for 112 gold pieces
136791 | Vaults:1 | Bought a scroll of identify for 30 gold pieces
136791 | Vaults:1 | Bought 2 scrolls of teleportation for 90 gold pieces
136895 | Vaults:2 | Bought a wand of digging (9) for 248 gold pieces
136895 | Vaults:2 | Bought a scroll of blinking for 232 gold pieces
136895 | Vaults:2 | Bought a scroll of silence for 232 gold pieces
136914 | Vaults:2 | Bought a scroll of teleportation for 45 gold pieces
136914 | Vaults:2 | Bought a scroll of fear for 52 gold pieces
136914 | Vaults:2 | Bought a scroll of identify for 30 gold pieces
136914 | Vaults:2 | Bought a scroll of identify for 30 gold pieces
137112 | Pan      | Entered Pandemonium
137232 | Pan      | Noticed Ciqozu the pandemonium lord
137273 | Pan      | Killed Ciqozu the pandemonium lord
137312 | Pan      | Upgraded the game from 0.23-a0-4-g8f018a2 to 0.23-a0-8-gb809bb7
137453 | Pan      | Noticed Raukkir the pandemonium lord
137465 | Pan      | Killed Raukkir the pandemonium lord
137569 | Pan      | Noticed Ignacio
137758 | Pan      | Found a white marble altar of Elyvilon.
138052 | Pan      | Found the +2 Maxwell's thermic engine {flame, freeze}
138565 | Pan      | Found a glowing silver altar of Zin.
139154 | Pan      | Got a slimy buckler
139306 | Pan      | Got a coiled bronze ring
139307 | Pan      | Identified the +1 buckler of Feasting {+Blink +Fly} (You took it off a cherub in Pandemonium)
139311 | Pan      | Identified the ring "Rosch" {rC- MR+++ Int+2 Stlth-} (You took it off an angel in Pandemonium)
139391 | Pan      | Noticed a seraph
139404 | Pan      | Killed a seraph
139476 | Pan      | Found a glowing golden altar of the Shining One.
139514 | Pan      | Got a demonic rune of Zot
139605 | Pan      | Got a transparent large shield
139912 | Depths:3 | Escaped Pandemonium
140081 | Depths:5 | Identified the +1 large shield of Cloud Cover {rPois rF+ Int+3} (You took it off a daeva in Pandemonium)
140156 | Hell     | Entered the Vestibule of Hell
140156 | Hell     | Noticed Geryon
140165 | Hell     | Killed Geryon
140167 | Hell     | Noticed Murray
140405 | Hell     | Killed Murray
140673 | Hell     | Found a gateway to the decaying netherworld of Tartarus.
140731 | Hell     | Found a gateway to the ashen valley of Gehenna.
140840 | Hell     | Found a gateway to the freezing wastes of Cocytus.
140936 | Hell     | Found a gateway to the Iron City of Dis.
141034 | Hell     | Learned a level 9 spell: Tornado
141036 | Tar:1    | Entered Level 1 of Tartarus
141058 | Tar:1    | Learned a level 1 spell: Animate Skeleton
141925 | Tar:2    | Gained mutation: Your body sometimes deteriorates upon taking damage. [mutagenic glow]
142618 | Tar:3    | Reached skill level 15 in Air Magic
142656 | Tar:3    | Gained mutation: Your spells are a little easier to cast, but a little less powerful. [mutagenic glow]
143965 | Tar:7    | Entered Level 7 of Tartarus
144581 | Tar:7    | Noticed an ancient lich
144593 | Tar:7    | Killed an ancient lich
145081 | Tar:7    | Noticed Ereshkigal
145089 | Tar:7    | Killed Ereshkigal
145230 | Tar:7    | Identified Archunn's Compendium of Icy Orientation
145281 | Tar:7    | Got a bone rune of Zot
145326 | Tar:7    | Got a translucent plate armour
145459 | Dis:1    | Entered Level 1 of the Iron City of Dis
147727 | Dis:7    | Entered Level 7 of the Iron City of Dis
149183 | Dis:7    | Noticed Dispater
149514 | Dis:7    | Cast into level 3 of the Abyss (war gargoyle)
149548 | Dis:7    | Escaped the Abyss
149742 | Dis:7    | Killed from afar by a Hell Sentinel

Vault maps used:
D:1:      minmay_arrival_four_loops, minmay_misc_feat_hallway
D:2:      lemuel_crystal_altar, gammafunk_temple_overflow_arena,
          nicolae_overflow_hidden_temple, nemelex_xobeh_ov_fountains_minmay
D:3:      uniq_crazy_yiuf_cottage, uniq_jessica, uniq_sigmund
D:4:      lemuel_doored_altar, gup_sewer_entry_bubbles,
          hellmonk_ghost_happy_afterlife, minivault_4
D:5:      grunt_qazlal_sundering, temple_doors_e, serial_shops, shop,
          first_ration, nicolae_ossuary_entry_giza
D:7:      wad_lake_hut, serial_shops, shop_fountains
D:8:      dpeg_lair_monsters
D:9:      enter_bailey_7
D:10:     grunt_ogre_cave
D:11:     orc_david_3, uniq_maurice
D:14:     grunt_vaults_entry_tiered, lemuel_crystal_altar,
          hangedman_decor_points, uniq_snorg
D:15:     grunt_enter_depths_magical_seal, serial_shops, shop,
          hangedman_cracks_in_the_wall
Temple:   nicolae_temple_elliptical
Lair:2:   lab_entry_generic, lemuel_oklob_altar, grunt_megastairs_3,
          lemuel_fruit_tree
Lair:3:   minmay_shoals_entry_centaurs
Lair:4:   spider_nest_entry_web_field
Lair:5:   minmay_slime_entry_eyes, minmay_another_anthill
Lair:6:   minmay_lair_end_enchanted_forest, hibernation_bobbens,
          infiniplex_staircase_pool_2, serial_bayou_shore_a
Shoals:1: nicolae_shoals_island_circles, portal_ice_cave_entry_pillars_four,
          uniq_roxanne, uniq_louise
Shoals:2: yaktaur_hedge
Shoals:4: shoals_end_grunt_ice, shoal_ilsuiw, nicolae_shoals_square_sea_wall,
          nicolae_shoals_kraken_intersection
Spider:1: gammafunk_ghost_grave
Spider:2: uniq_arachne, uniq_frances, uniq_nikola
Spider:3: nicolae_orb_stairs, uniq_jorgrun
Spider:4: guppyfry_spider_rune, guppyfry_spider_mini_1
Orc:1:    basic_altar, serial_shops, shop_statue
Orc:2:    st_orc_town, serial_shops, shop, shop, nicolae_shop_behind_doors,
          shop, statue_in_the_mist_lemuel, lightli_orcish_oven
Elf:1:    minmay_elf_arrival_circle, mu_enter_wizlab_2, minmay_elf_necromancy,
          nrook_loot_triangle, grunt_ministairs_10, nrook_uturn
Elf:2:    serial_shops, shop, special_room, eino_tiny_chamber, st_stairs_3,
          wad_floor_pattern_1, guppyfry_elf_castle
Elf:3:    minmay_elf_hall_x, serial_shops, nicolae_shop_behind_doors,
          lemuel_flame_loot_1
Vaults:1: v_misc_22, nicolae_vaults_border_crossing, st_greater_box_3,
          nicolae_vaults_network_barrier, vaults_room_large_hall,
          vaults_mumra_hexcomb, vaults_room_pools, vaults_mumra_lcd,
          v_alt_pattern_5, serial_shops, shop
Vaults:2: nicolae_vaults_yaktaur_gun_rack, vaults_mumra_hex,
          blue_anna_dwarven_crypt, vaults_room_pool, vaults_standard_mumra_x,
          portal_desolation_entry_nicolae_slug, serial_shops,
          nicolae_shop_stone, nicolae_shop_waterfront, nicolae_shop_stone, shop,
          uniq_donald
Vaults:3: nicolae_vaults_disjoint_gnomons, ontoclasm_vaults_chip,
          vaults_room_grid, v_pattern_4, st_more_cells,
          nicolae_vaults_bisected_slash, nicolae_vaults_three_branches,
          hangedman_vaults_variations, dpeg_vaults_monster_box,
          vaults_room_stairs_pillars, v_misc_24
Vaults:4: vaults_room_door_ring, vaults_room_fours, nicolae_vaults_theta,
          v_alt_pattern_1, v_rooms_3, v_misc_18, v_rooms_4,
          hangedman_vaults_stitches, v_misc_17, vaults_room_hallway, v_misc_29,
          ontoclasm_vaults_decontamination
Vaults:5: uniq_margery
Crypt:1:  minivault_5, grunt_megastairs_2
Crypt:3:  quadcrypt_mu
Depths:1: minmay_expanding_circles, hell_entry, nrook_mini_backslash,
          minmay_protected_statue, serial_bayou_shore_b
Depths:2: gammafunk_corrupted_shrine, kennysheep_nondescript, hell_entry,
          minmay_staircase_bubble, minmay_shoptagon, uniq_aizul, uniq_saint_roka
Depths:3: regret_index_dithmenos_brocken_genspenst, enter_ziggurat_c,
          rand_demon_pan_entry_3, minmay_misc_feat_doors, hell_entry, uniq_jory
Depths:4: regret_index_qazlal_generations, kennysheep_another_room,
          grunt_hell_entry_dis_mu, abyss_entry_crystal,
          minmay_stone_trees_small, minmay_misc_feat_square, minmay_holes,
          serial_bayou_shore_b, serial_bayou_shore_b
Depths:5: grunt_twist_and_shout, hell_entry, wad_floor_pattern_untrapped,
          rand_demon_pan_entry_7, serial_shops, shop
Dis:6:    hangedman_feature_mirror, hangedman_dis_chains
Dis:7:    iron_city_of_dis
Tar:2:    grunt_deathspiral_small
Tar:4:    nicolae_tar_cuneiform_city, grunt_megastairs_4
Tar:5:    nicolae_tar_cuneiform_city, nicolae_tar_cuneiform_heaven,
          nicolae_tar_cuneiform_water
Tar:7:    tar_grunt_cathedral
Zot:1:    kennysheep_spiral_hall
Zot:3:    ebering_ghost_gozag
Zot:4:    lemuel_draconian_sentries_small, grunt_ministairs_12, door_vault
Abyss:1:  hangedman_abyss_overflow_altar
Abyss:2:  due_exit_kobolds, evilmike_abyss_exit_7
Abyss:3:  evilmike_abyss_exit_kraken, abyss_exit_lava, evilmike_abyss_exit_12,
          hangedman_abyss_lost_library
Pan:      nicolae_pan_hourglass, evilmike_mini_pan_3x3, pan_blood_fountain_2,
          evilmike_mini_pan_possible_glass, gammafunk_dig_for_victory,
          uniq_mennas_pan, pan_blood_fountain, nicolae_pan_gloorx_vloqian_4,
          nicolae_pan_strange_glyphs, nicolae_pan_sick_transit, lom_lobon_grunt,
          nicolae_pan_giant_door, gloorx_vloq_st, grunt_pan_zigzag,
          pan_blood_fountain_small, nicolae_pan_lom_lobonic_3,
          evilmike_cerebov_lava, mnoleg, pan_blood_fountain,
          nicolae_pan_gloorx_vloqian_2, nicolae_pan_sigil_obb, rand_demon_2,
          uniq_ignacio, nicolae_pan_door_chamber, pan_blood_fountain_small,
          lemuel_hellion_island, evilmike_mini_pan_diamond, rand_demon_1,
          uniq_ignacio, evilmike_holy_pan
Lab:      nicolae_lab_garden
Sewer:    sewer_the_crocodile
Ossuary:  ossuary_tomb_3
Bailey:   bailey_axe_minmay_hex_keep, bailey
IceCv:    ice_cave_caverns_03
WizLab:   wizlab_zonguldrok

Skill      XL: |  1  2  3  4  5  6  7  8  9 10 11 12 13 14 15 16 17 18 19 20 21 22 23 24 25 26 27 |
---------------+----------------------------------------------------------------------------------+-----
Fighting       | 1 2 3 4 5 6 8 9 10 12 13 14 15 16 17 18 19 21 22 27 | 27.0
Earth Magic    | 4 5 6 7 8 9 11 12 | 12.0
Spellcasting   | 3 4 5 6 7 8 9 10 11 12 13 14 15 16 22 | 22.5
Conjurations   | 3 5 7 9 10 12 13 14 15 16 17 24 | 24.9
Shields        | 2 4 5 6 14 15 | 15.2
Translocations | 1 3 |  3.0
Armour         | 3 4 5 8 9 11 13 14 23 | 23.7
Dodging        | 2 3 4 5 6 8 9 |  9.3
Fire Magic     | 6 10 11 12 13 17 18 19 25 | 25.1
Summonings     | 6 10 | 10.1
Evocations     | 5 6 7 10 | 10.0
Long Blades    | 3 |  3.5
Polearms       | 3 6 10 12 | 12.4
Necromancy     | 2 4 6 |  6.0
Air Magic      | 24 | 24.1
Stealth        | |  2.1
Transmutations | |  0.7

Action                   |  1- 3 |  4- 6 |  7- 9 | 10-12 | 13-15 | 16-18 | 19-21 | 22-24 | 25-27 || total
-------------------------+-------+-------+-------+-------+-------+-------+-------+-------+-------++-------
Melee: Hand axe          |    19 |       |       |       |       |       |       |       |       ||    19
       Unarmed           |    16 |       |       |       |       |       |       |       |       ||    16
       Dagger            |   129 |    94 |    47 |       |       |       |       |       |       ||   270
       Scythe            |       |       |   226 |   326 |       |       |       |       |       ||   552
       Scimitar          |       |       |       |    92 |       |       |       |       |       ||    92
       Falchion          |       |       |       |    67 |   289 |   179 |     9 |       |       ||   544
       Rapier            |       |       |       |       |       |    52 |       |       |       ||    52
       Staff             |       |       |       |       |       |       |    36 |    13 |    17 ||    66
       Double sword      |       |       |       |       |       |       |    31 |       |       ||    31
       Lance             |       |       |       |       |       |       |       |   162 |  6917 ||  7079
       Peck              |       |       |       |       |       |       |       |       |   905 ||   905
Throw: Javelin           |       |       |       |       |       |       |     2 |       |       ||     2
       Throwing net      |       |       |       |       |       |       |       |       |    11 ||    11
 Cast: Sandblast         |    15 |    44 |    92 |   193 |   283 |   232 |       |       |       ||   859
       Stone Arrow       |       |     6 |    45 |   226 |   387 |   361 |   266 |    53 |       ||  1344
       Petrify           |       |       |     6 |    50 |       |       |       |       |       ||    56
       Lee's Rapid Decon |       |       |     3 |    24 |   114 |    36 |    26 |    33 |       ||   236
       Bolt of Magma     |       |       |       |       |    30 |       |       |       |       ||    30
       Blink             |       |       |       |       |     2 |    12 |     1 |     1 |    43 ||    59
       Bolt of Fire      |       |       |       |       |    50 |   166 |    52 |    41 |   190 ||   499
       Iron Shot         |       |       |       |       |    36 |    46 |    82 |   276 |   875 ||  1315
       Passwall          |       |       |       |       |       |     1 |       |       |     5 ||     6
       Spellforged Servi |       |       |       |       |       |    15 |    88 |    43 |   487 ||   633
       Fireball          |       |       |       |       |       |    89 |   186 |    99 |   287 ||   661
       Orb of Destructio |       |       |       |       |       |     5 |    34 |    91 |   267 ||   397
       Regeneration      |       |       |       |       |       |       |       |     9 |   306 ||   315
       Ignition          |       |       |       |       |       |       |       |     3 |    97 ||   100
       Fire Storm        |       |       |       |       |       |       |       |       |   193 ||   193
       Animate Skeleton  |       |       |       |       |       |       |       |       |    64 ||    64
       Passage of Golubr |       |       |       |       |       |       |       |       |    21 ||    21
       Aura of Abjuratio |       |       |       |       |       |       |       |       |    21 ||    21
       Tornado           |       |       |       |       |       |       |       |       |     3 ||     3
 Abil: Evoke Flight      |       |       |       |     1 |       |       |       |       |       ||     1
       Fly               |       |       |       |       |     1 |     1 |       |     1 |     1 ||     4
       Stop Flying       |       |       |       |       |       |     1 |       |     2 |       ||     3
Evoke: Wand              |       |       |       |     2 |     1 |    26 |     4 |       |     7 ||    40
       Lightning rod     |       |       |       |       |       |     7 |     3 |       |       ||    10
       Phial of floods   |       |       |       |       |       |     1 |       |       |     1 ||     2
       Fan of gales      |       |       |       |       |       |     1 |       |       |       ||     1
       Box of beasts     |       |       |       |       |       |     1 |       |       |       ||     1
       Crystal ball of e |       |       |       |       |       |       |     1 |     8 |       ||     9
       Staff of energy   |       |       |       |       |       |       |       |       |   798 ||   798
       Sack of spiders   |       |       |       |       |       |       |       |       |     5 ||     5
       Phantom mirror    |       |       |       |       |       |       |       |       |     4 ||     4
       Lamp of fire      |       |       |       |       |       |       |       |       |     1 ||     1
  Use: Scroll            |       |     6 |     7 |    20 |     9 |     6 |    16 |    19 |    79 ||   162
       Potion            |       |       |       |     6 |       |     4 |       |     2 |    40 ||    52
 Stab: Sleeping          |     3 |     1 |     5 |     1 |     2 |       |       |       |       ||    12
       Petrified         |       |       |    14 |    32 |       |       |       |       |       ||    46
       Petrifying        |       |       |     1 |     2 |       |       |       |       |       ||     3
       Distracted        |       |       |       |       |       |       |       |     4 |    92 ||    96
  Eat: Chunk             |     6 |     4 |    18 |    36 |    78 |    30 |    60 |    91 |   156 ||   479
       Ration            |       |       |     1 |     5 |    11 |    26 |    11 |     8 |    64 ||   126
Armor: Robe              |    44 |       |       |     1 |       |    36 |     3 |       |       ||    84
       Leather armour    |     2 |    31 |   208 |   387 |   144 |       |    23 |     1 |       ||   796
       Skin              |       |       |       |    15 |       |       |       |       |       ||    15
       Acid dragon scale |       |       |       |       |    48 |       |       |       |    31 ||    79
       Ring mail         |       |       |       |       |   159 |   634 |   112 |    30 |       ||   935
       Quicksilver drago |       |       |       |       |       |       |       |   181 |  1440 ||  1621
       Fire dragon scale |       |       |       |       |       |       |       |       |  1101 ||  1101
       Gold dragon scale |       |       |       |       |       |       |       |       |   243 ||   243
Dodge: Dodged            |    98 |    65 |   206 |   666 |   328 |   539 |   136 |   168 |  1701 ||  3907
Block: Buckler           |       |       |       |    70 |   180 |   246 |    19 |       |       ||   515
       Reflection        |       |       |       |       |    16 |    15 |    74 |    68 |    82 ||   255
       Shield            |       |       |       |       |       |       |   225 |   245 |  3571 ||  4041
       Rpst.: Scimitar   |       |       |       |    11 |       |       |       |       |       ||    11
       Falchion          |       |       |       |    16 |    83 |    86 |     4 |       |       ||   189
       Double sword      |       |       |       |       |       |       |     7 |       |       ||     7

Table legend:
 A = Spawn XP
 B = Non-spawn XP
 C = Spawn XP percentage of total XP
 D = Spawn monster count
 E = Non-spawn monster count
 F = Spawn count percentage of total count
 G = Total turns spent on level
                    A         B        C        D         E        F      G
               +---------+---------+-------+---------+---------+-------+---------
         Total |  370162 | 3313410 |  10.0 |     595 |    4882 |  10.9 | 149742
               +---------+---------+-------+---------+---------+-------+---------
           D:1 |       0 |      51 |   0.0 |       0 |      23 |   0.0 |  1739
           D:2 |       0 |      25 |   0.0 |       0 |      14 |   0.0 |   917
           D:3 |       0 |     439 |   0.0 |       0 |      33 |   0.0 |  1612
           D:4 |       0 |     687 |   0.0 |       0 |      24 |   0.0 |   961
           D:5 |       0 |     495 |   0.0 |       0 |      17 |   0.0 |   836
           D:6 |       0 |     730 |   0.0 |       0 |      16 |   0.0 |   919
           D:7 |       0 |    1451 |   0.0 |       0 |      40 |   0.0 |  2247
           D:8 |       0 |    1724 |   0.0 |       0 |      37 |   0.0 |  1615
           D:9 |       0 |    2130 |   0.0 |       0 |      25 |   0.0 |  1495
          D:10 |       0 |    3493 |   0.0 |       0 |      39 |   0.0 |  2097
          D:11 |       0 |    3008 |   0.0 |       0 |      38 |   0.0 |  2359
          D:12 |       0 |    4014 |   0.0 |       0 |      37 |   0.0 |  1531
          D:13 |       0 |    9502 |   0.0 |       0 |      38 |   0.0 |  3682
          D:14 |       0 |   19984 |   0.0 |       0 |      56 |   0.0 |  3416
          D:15 |       0 |   15137 |   0.0 |       0 |      49 |   0.0 |  2661
        Lair:1 |       0 |    4154 |   0.0 |       0 |      19 |   0.0 |  1480
        Lair:2 |       0 |    6807 |   0.0 |       0 |      31 |   0.0 |  2452
        Lair:3 |       0 |    2026 |   0.0 |       0 |      10 |   0.0 |  1066
        Lair:4 |       0 |    5392 |   0.0 |       0 |      17 |   0.0 |  1744
        Lair:5 |       0 |    5569 |   0.0 |       0 |      31 |   0.0 |  2276
        Lair:6 |       0 |   20301 |   0.0 |       0 |      79 |   0.0 |  4209
      Shoals:1 |       0 |    8789 |   0.0 |       0 |      13 |   0.0 |  1339
      Shoals:2 |       0 |   21776 |   0.0 |       0 |      43 |   0.0 |  1396
      Shoals:3 |       0 |    9245 |   0.0 |       0 |      18 |   0.0 |  1844
      Shoals:4 |       0 |   40512 |   0.0 |       0 |      70 |   0.0 |  2375
      Spider:1 |       0 |   19659 |   0.0 |       0 |      46 |   0.0 |  2719
      Spider:2 |       0 |   26969 |   0.0 |       0 |      52 |   0.0 |  2620
      Spider:3 |       0 |   24864 |   0.0 |       0 |      63 |   0.0 |  2410
      Spider:4 |       0 |   33592 |   0.0 |       0 |      69 |   0.0 |  3375
       Slime:1 |       0 |   15242 |   0.0 |       0 |      23 |   0.0 |   362
       Slime:2 |       0 |   16518 |   0.0 |       0 |      34 |   0.0 |   463
       Slime:3 |       0 |   16950 |   0.0 |       0 |      32 |   0.0 |   645
       Slime:4 |       0 |   13986 |   0.0 |       0 |      34 |   0.0 |   468
       Slime:5 |       0 |   44849 |   0.0 |       0 |      44 |   0.0 |   996
         Orc:1 |       0 |    2298 |   0.0 |       0 |      27 |   0.0 |  1089
         Orc:2 |       0 |   14143 |   0.0 |       0 |     113 |   0.0 |  3413
         Elf:1 |       0 |   17731 |   0.0 |       0 |      37 |   0.0 |  1853
         Elf:2 |       0 |   39175 |   0.0 |       0 |      76 |   0.0 |  2158
         Elf:3 |       0 |   63846 |   0.0 |       0 |      66 |   0.0 |  2105
      Vaults:1 |       0 |   52367 |   0.0 |       0 |      98 |   0.0 |  4440
      Vaults:2 |       0 |   36956 |   0.0 |       0 |      74 |   0.0 |  3023
      Vaults:3 |       0 |   43542 |   0.0 |       0 |      81 |   0.0 |  2450
      Vaults:4 |       0 |   51465 |   0.0 |       0 |      90 |   0.0 |  2323
      Vaults:5 |       0 |  168495 |   0.0 |       0 |     147 |   0.0 |  3284
       Crypt:1 |       0 |   25976 |   0.0 |       0 |      48 |   0.0 |  1056
       Crypt:2 |       0 |   32156 |   0.0 |       0 |      51 |   0.0 |   856
       Crypt:3 |       0 |   63080 |   0.0 |       0 |      81 |   0.0 |  1571
      Depths:1 |       0 |   70321 |   0.0 |       0 |      79 |   0.0 |  1416
      Depths:2 |       0 |   31437 |   0.0 |       0 |      50 |   0.0 |  1833
      Depths:3 |       0 |   62874 |   0.0 |       0 |      76 |   0.0 |  2069
      Depths:4 |       0 |   67812 |   0.0 |       0 |      70 |   0.0 |  2635
      Depths:5 |       0 |   92859 |   0.0 |       0 |     107 |   0.0 |  3600
          Hell |       0 |   45849 |   0.0 |       0 |      78 |   0.0 |   619
         Dis:1 |       0 |   34608 |   0.0 |       0 |      81 |   0.0 |   396
         Dis:2 |       0 |   10421 |   0.0 |       0 |      28 |   0.0 |   143
         Dis:3 |       0 |   22041 |   0.0 |       0 |      53 |   0.0 |   717
         Dis:4 |       0 |   10091 |   0.0 |       0 |      25 |   0.0 |   216
         Dis:5 |       0 |   11112 |   0.0 |       0 |      27 |   0.0 |   229
         Dis:6 |       0 |   38336 |   0.0 |       0 |      71 |   0.0 |   567
         Dis:7 |       0 |  157415 |   0.0 |       0 |     169 |   0.0 |  1981
         Tar:1 |       0 |    5554 |   0.0 |       0 |      24 |   0.0 |   265
         Tar:2 |       0 |   54001 |   0.0 |       0 |      62 |   0.0 |   698
         Tar:3 |       0 |   51957 |   0.0 |       0 |      69 |   0.0 |   680
         Tar:4 |       0 |   38478 |   0.0 |       0 |      52 |   0.0 |   399
         Tar:5 |       0 |   73911 |   0.0 |       0 |      73 |   0.0 |   591
         Tar:6 |       0 |   40756 |   0.0 |       0 |      50 |   0.0 |   296
         Tar:7 |       0 |  159877 |   0.0 |       0 |     162 |   0.0 |  1446
         Zot:1 |       0 |   75458 |   0.0 |       0 |      45 |   0.0 |  1418
         Zot:2 |       0 |   72713 |   0.0 |       0 |      45 |   0.0 |  1025
         Zot:3 |       0 |   96326 |   0.0 |       0 |      57 |   0.0 |  1651
         Zot:4 |       0 |  139185 |   0.0 |       0 |      78 |   0.0 |  2046
         Zot:5 |       0 |  163545 |   0.0 |       0 |      53 |   0.0 |  1911
       Abyss:1 |  106762 |   80152 |  57.1 |     169 |     168 |  50.1 |  3418
       Abyss:2 |    7400 |    7840 |  48.6 |      20 |      15 |  57.1 |   585
       Abyss:3 |   65960 |   73255 |  47.4 |     133 |     156 |  46.0 |  2994
           Pan |  190040 |  487712 |  28.0 |     273 |     495 |  35.5 | 15609
           Lab |       0 |    1732 |   0.0 |       0 |       3 |   0.0 |  2088
         Sewer |       0 |     149 |   0.0 |       0 |       6 |   0.0 |   247
       Ossuary |       0 |     157 |   0.0 |       0 |      16 |   0.0 |   681
        Bailey |       0 |    1433 |   0.0 |       0 |      61 |   0.0 |  1251
         IceCv |       0 |    4481 |   0.0 |       0 |      38 |   0.0 |  1212
        WizLab |       0 |   18262 |   0.0 |       0 |      37 |   0.0 |   715
               +---------+---------+-------+---------+---------+-------+---------
